 Dungeon Crawl Stone Soup version 0.24-a0-417-g1cce26a4d2 (webtiles) character file.

Game seed: 17502943928513663209

555931 Lanoc the Slayer (level 26, -2/201 HPs)
             Began as a Gargoyle Chaos Knight on June 10, 2019.
             Was a Favourite Plaything of Xom.
             Splashed by the Royal Jelly's acid (4 damage)
             ... on level 5 of the Pits of Slime.
             The game lasted 03:21:14 (45063 turns).

Lanoc the Slayer (Gargoyle Chaos Knight)           Turns: 45063, Time: 03:21:14

Health: -2/201     AC: 36    Str: 21    XL:     26   Next: 47%
Magic:  25/25      EV: 25    Int: 26    God:    Xom [.*....]
Gold:   1667       SH:  8    Dex: 20    Spells: 20/25 levels left

rFire    + . .     SeeInvis +   s - +9 demon whip (chaos)
rCold    + + .     Gourm    +   M - +0 buckler of Integrity {Int+3}
rNeg     + + +     Faith    .   Z - +4 scale mail "Pupinus" {rF+ rCorr}
rPois    ∞         Spirit   .   x - +0 mask of the Dragon {MR+ Slay+3 SInv}
rElec    +         Reflect  .   a - +0 cloak of Ynyamov {rN+ Regen+ Str-3}
rCorr    +         Harm     .   g - +1 pair of gloves {Str+3}
MR       +++..                  Y - +2 pair of boots
Stlth    ..........             N - amulet "Wovif" {Gourm *Contam +Blink rN+}
HPRegen  0.83/turn              W - ring "Isuosa Poips" {Int+5 Slay+4}
MPRegen  0.19/turn              k - ring "Arhaowar" {Int+4 Dex+5 Slay+3 SInv}

@: corroded, flying, studying Ice Magic
A: big wings, talons 1, thin metallic scales 2, cold resistance 2, deterioration
1, high mp 1, magic resistance 1, mutation resistance 1, negative energy
resistance 1, robust 1, electricity resistance, unbreathing, petrification
resistance, rot immunity, MP-powered wands, AC +20
}: 3/15 runes: decaying, silver, gossamer
a: Stop Flying, Renounce Religion, Evoke Blink


You were on level 5 of the Pits of Slime.
You worshipped Xom.
You were a plaything of Xom.
You were not hungry.

You visited 10 branches of the dungeon, and saw 47 of its levels.
You visited the Abyss 1 time.
You visited 1 bazaar.
You also visited: Bailey, Gauntlet, Ice Cave and Volcano.

You collected 6261 gold pieces.
You spent 4594 gold pieces at shops.

Inventory:

Hand Weapons
 s - a +9 demon whip of chaos (weapon)
 v - the +10 mace of Flawed Execution {freeze, rC++}
   (You found it on level 5 of the Dungeon)

   It has been specially enchanted to freeze those struck by it, causing extra
   injury to most foes and up to half again as much damage against particularly
   susceptible opponents.
   It can also slow down cold-blooded creatures.
   It greatly protects you from cold.
 F - the +6 shillelagh "Devastator" {shatter}
   (You bought it in a shop on level 1 of the Elven Halls)
 H - a +2 vampiric executioner's axe
Armour
 a - the +0 cloak of Ynyamov (worn) {rN+ Regen+ Str-3}
   (Xom gifted it to you on level 3 of the Vaults)

   It affects your strength (-3).
   It protects you from negative energy.
   It increases your rate of regeneration.
 e - a +0 crystal plate armour
 g - a +1 pair of gloves of strength (worn)
 x - the +0 mask of the Dragon (worn) {MR+ Slay+3 SInv}
   (You found it on level 2 of the Vaults)

   It affects your accuracy and damage with ranged weapons and melee attacks
   (+3).
   It affects your resistance to hostile enchantments.
   It lets you see invisible.
 K - the +1 large shield of Awe {Regen+ rCorr Str-4 Dex+7}
   (You bought it in a shop on level 3 of the Vaults)

   It affects your strength (-4).
   It affects your dexterity (+7).
   It increases your rate of regeneration.
   It provides partial protection from all sources of acid and corrosion.
 M - the +0 buckler of Integrity (worn) {Int+3}
   (You bought it in a shop on level 3 of the Vaults)

   It affects your intelligence (+3).
 O - a scarf of cloud immunity
 Y - a +2 pair of boots (worn)
 Z - the +4 scale mail "Pupinus" (worn) {rF+ rCorr}
   (You took it off an orc high priest on level 3 of the Elven Halls)

   It protects you from fire.
   It provides partial protection from all sources of acid and corrosion.
Jewellery
 k - the ring "Arhaowar" (right hand) {Int+4 Dex+5 Slay+3 SInv}
   (You bought it in a shop on level 1 of the Vaults)

   [ring of dexterity]

   It affects your intelligence (+4).
   It affects your dexterity (+5).
   It affects your accuracy and damage with ranged weapons and melee attacks
   (+3).
   It lets you see invisible.
 L - an uncursed ring of protection from magic
 N - the amulet "Wovif" (around neck) {Gourm *Contam +Blink rN+}
   (You found it in a Gauntlet)

   [amulet of the gourmand]

   It allows you to eat raw meat even when not hungry.
   It protects you from negative energy.
   It lets you blink.
   It causes magical contamination when unequipped.
 S - an uncursed ring of resist corrosion
 W - the ring "Isuosa Poips" (left hand) {Int+5 Slay+4}
   (You found it on level 5 of the Vaults)

   [ring of slaying]

   It affects your intelligence (+5).
   It affects your accuracy and damage with ranged weapons and melee attacks
   (+4).
Wands
 n - a wand of random effects (9)
 y - a wand of acid (37)
 B - a wand of digging (13)
 U - a wand of clouds (3)
Scrolls
 d - 14 scrolls of enchant armour
 f - 3 scrolls of fog
 j - 21 scrolls of teleportation
 l - 20 scrolls of identify
 m - 23 scrolls of remove curse
 p - 5 scrolls of fear
 r - 2 scrolls of immolation
 E - a scroll of summoning
 J - 2 scrolls of brand weapon
 Q - 7 scrolls of magic mapping
 R - a scroll of holy word
 T - 5 scrolls of amnesia
Potions
 b - 7 potions of curing
 i - 3 potions of cancellation
 o - 5 potions of brilliance
 q - 2 potions of invisibility
 u - 4 potions of resistance
 z - 7 potions of ambrosia
 A - 4 potions of mutation
 C - 6 potions of magic
 I - 5 potions of lignification
 P - 5 potions of haste
 X - 5 potions of berserk rage
Books
 t - a manual of Ice Magic
Miscellaneous
 h - a phantom mirror
 G - a box of beasts
Comestibles
 c - 99 rations


   Skills:
 + Level 23.3 Fighting
 - Level 14.0 Maces & Flails
 + Level 23.2 Armour
 + Level 18.8 Dodging
 + Level 13.7 Shields
 + Level 14.6 Hexes


You had 20 spell levels left.
You knew the following spells:

 Your Spells              Type           Power        Failure   Level  Hunger
a - Tukima's Dance        Hex            ######..     1%          3    ####...
b - Ensorcelled Hibernat  Hex/Ice        #####.       1%          2    ###....

Your spell library contained the following spells:

 Spells                   Type           Power        Failure   Level  Hunger
 Corona                   Hex            ######.      1%          1    ##.....
 Confuse                  Hex            ######..     1%          3    ####...
 Dazzling Spray           Conj/Hex       #####.       3%          3    ####...
 Inner Flame              Hex/Fire       #####...     3%          3    ####...
 Summon Guardian Golem    Hex/Summ       #####...     3%          3    ####...
 Darkness                 Hex            ######....   9%          6    #######
 Leda's Liquefaction      Hex/Erth       #####.....   11%         4    #####..
 Animate Skeleton         Necr           N/A          22%         1    ##.....
 Flame Tongue             Conj/Fire      #....        22%         1    ##.....
 Freeze                   Ice            #...         22%         1    ##.....
 Sting                    Conj/Pois      #...         22%         1    ##.....
 Summon Small Mammal      Summ           #...         22%         1    ##.....
 Metabolic Englaciation   Hex/Ice        #####.....   30%         5    ######.
 Silence                  Hex/Air        #####.....   30%         5    ######.
 Summon Mana Viper        Hex/Summ       #####...     30%         5    ######.
 Blink                    Tloc           N/A          32%         2    ###....
 Call Imp                 Summ           #.......     32%         2    ###....
 Poisonous Vapours        Pois/Air       #.....       32%         2    ###....
 Shroud of Golubria       Chrm/Tloc      #.....       32%         2    ###....
 Throw Flame              Conj/Fire      #.....       32%         2    ###....
 Throw Frost              Conj/Ice       #.....       32%         2    ###....
 Call Canine Familiar     Summ           #.......     54%         3    ####...
 Conjure Flame            Conj/Fire      #.......     54%         3    ####...
 Gell's Gravitas          Tloc           #.........   54%         3    ####...
 Ignite Poison            Fire/Tmut/Pois #.......     54%         3    ####...
 Lesser Beckoning         Tloc           #.........   54%         3    ####...
 Mephitic Cloud           Conj/Pois/Air  #.......     54%         3    ####...
 Ozocubu's Armour         Chrm/Ice       #.......     54%         3    ####...
 Recall                   Summ/Tloc      N/A          54%         3    ####...
 Regeneration             Chrm/Necr      #.........   54%         3    ####...
 Teleport Other           Tloc           #.......     54%         3    ####...
 Animate Dead             Necr           N/A          91%         4    #####..
 Force Lance              Conj/Tloc      #.......     91%         4    #####..
 Ice Form                 Ice/Tmut       #.......     91%         4    #####..
 Olgreb's Toxic Radiance  Pois           #.......     91%         4    #####..
 Passage of Golubria      Tloc           N/A          91%         4    #####..
 Sticky Flame             Conj/Fire      #.......     91%         4    #####..
 Summon Ice Beast         Ice/Summ       #.......     91%         4    #####..
 Summon Lightning Spire   Summ/Air       #.......     91%         4    #####..
 Throw Icicle             Conj/Ice       #.......     91%         4    #####..
 Agony                    Necr           #.......     99%         5    ######.
 Alistair's Intoxication  Tmut/Pois      #.......     99%         5    ######.
 Aura of Abjuration       Summ           #.........   99%         5    ######.
 Bolt of Draining         Conj/Necr      #.........   99%         5    ######.
 Bolt of Magma            Conj/Fire/Erth #.........   99%         5    ######.
 Borgnjor's Vile Clutch   Necr/Erth      #.........   99%         5    ######.
 Fireball                 Conj/Fire      #.........   99%         5    ######.
 Iskenderun's Battlesphe  Conj/Chrm      #.......     99%         5    ######.
 Summon Demon             Summ           #.........   99%         5    ######.
 Summon Forest            Summ/Tloc      #.........   99%         5    ######.
 Venom Bolt               Conj/Pois      #.........   99%         5    ######.
 Bolt of Cold             Conj/Ice       #.........   100%        6    #######
 Bolt of Fire             Conj/Fire      #.........   100%        6    #######
 Death Channel            Necr           #.........   100%        6    #######
 Dispersal                Tloc           #.........   100%        6    #######
 Freezing Cloud           Conj/Ice/Air   #.........   100%        6    #######
 Iron Shot                Conj/Erth      #.........   100%        6    #######
 Ozocubu's Refrigeration  Ice            #.........   100%        6    #######
 Poison Arrow             Conj/Pois      #.........   100%        6    #######
 Shadow Creatures         Summ           N/A          100%        6    #######
 Simulacrum               Ice/Necr       #.........   100%        6    #######
 Dragon Form              Tmut           #.........   100%        7    #######
 Malign Gateway           Summ/Tloc      #.........   100%        7    #######
 Orb of Destruction       Conj           #.........   100%        7    #######
 Ring of Flames           Chrm/Fire      #.........   100%        7    #######
 Spellforged Servitor     Conj/Summ      #.........   100%        7    #######
 Chain Lightning          Conj/Air       #.........   100%        8    #######
 Ignition                 Fire           #.........   100%        8    #######
 Lehudib's Crystal Spear  Conj/Erth      #.........   100%        8    #######
 Fire Storm               Conj/Fire      #.........   100%        9    #######
 Glaciate                 Conj/Ice       #.........   100%        9    #######
 Shatter                  Erth           #.........   100%        9    #######
 Sublimation of Blood     Necr           Unusable     N/A         2    N/A
 Statue Form              Tmut/Erth      Unusable     N/A         6    N/A

Dungeon Overview and Level Annotations

Branches:
Dungeon (14/15)            Temple (1/1) D:4            Lair (6/6) D:8
  Swamp (4/4) Lair:4       Spider (4/4) Lair:3        Slime (5/5) Lair:6
    Orc (2/2) D:9             Elf (3/3) Orc:2        Vaults (5/5) D:13
  Crypt (3/3) Vaults:3       Tomb (0/3) Crypt:3

Altars:
Elyvilon
Fedhas
Gozag
Hepliaklqana
Makhleb
Nemelex Xobeh
Sif Muna
Vehumet
Wu Jian
Xom
Yredelemnul
Beogh
Jiyva

Shops:
D:7 (   D:9 *   D:12 }*   Orc:2 :[[*   Elf:1 *   Elf:2 (   Vaults:1 :=:
Vaults:3 *:*   Vaults:4 [   Vaults:5 }

Annotations:
D:13 3 runed translucent doors, Ijustatesigmund's ghost, journeyman OpFi; Umyidaigh's ghost, journeyman DDFi
D:14 exclusion: obsidian statue
Slime:5 Royal Jelly
Elf:2 1 runed translucent door


Innate Abilities, Weirdness & Mutations

You are resistant to torment.
Your stone body is resilient. (AC +20)
You are immune to poison.
Your large and strong wings let you fly indefinitely.
You resist negative energy. (rN+)
You are resistant to electric shocks. (rElec)
You can survive without breathing.
You are immune to petrification.
You are immune to rotting.
You have sharp toenails.
You are mostly covered in thin metallic scales. (AC +3)
Your flesh is very cold resistant. (rC++)
Your body sometimes deteriorates upon taking damage.
You have an increased reservoir of magic. (+10% MP)
You are resistant to hostile enchantments. (MR+)
You are somewhat resistant to further mutation.
You are robust. (+10% HP)
You expend magic power (3 MP) to strengthen your wands.


Message History

You are splashed with acid.
You resist.
* * * LOW HITPOINT WARNING * * *
The acid blob spits acid at you.
The splash of acid hits you but does no damage.
You are splashed with acid.
You resist.
* * * LOW HITPOINT WARNING * * *
There is a stone staircase leading up here.
Okay, then.
Unknown command.
Unknown command.
You are splashed with acid!
You resist.
* * * LOW HITPOINT WARNING * * *
You hear Xom's avuncular chuckle.
Your four-headed hydra changes into a shapeshifter!
Your shapeshifter changes into a jumping spider!
The Royal Jelly hits you!
* * * LOW HITPOINT WARNING * * *
You are splashed with acid.
You resist.
You die...
Xom titters!

...............................#
..........☼§§§☼................#
.........§☼§§§§..............###
.........§§§§§§............#.#
.........§§§§..............###
.....................##...##
#..#..........J.....####..#
####.#.........JJ...# ##.#
######....s.J@.### ###
#.#.#..J### ####..### ####


You could see the Royal Jelly (inner flame), 3 acid blobs, an azure jelly (inner
flame) and a friendly jumping spider shaped shifter.

Vanquished Creatures
  Dissolution (Slime:2)
  An ancient lich (Crypt:3)
  Khufu (Crypt:1)
  3 greater mummies (Crypt:2)
  the Lernaean hydra (Swamp:4)
  A golden dragon (Vaults:5)
  Jory (Vaults:4)
  Nikola (Spider:3)
  2 bone dragons (Crypt:3)
  The ghost of Rov Woulue the Black Belt, an adept MfTm of Cheibriados (Vaults:2)
  Arachne (Spider:3)
  6 liches
  Jorgrun (D:13)
  8 tentacled monstrosities (Vaults:5)
  2 deep elf blademasters (Elf:3)
  5 titans
  A quicksilver dragon (Vaults:5)
  7 ancient champions (Crypt:3)
  37 acid blobs
  A sphinx (Vaults:5)
  A deep elf master archer (Elf:3)
  Frances (Swamp:1)
  A thorn hunter (Swamp:2)
  Kirke (Lair:6)
  4 tengu reavers
  8 shadow dragons
  5 fire giants
  2 storm dragons
  7 revenants
  30 azure jellies
  12 vault wardens
  Aizul (Vaults:1)
  4 ghost moths (Spider:4)
  5 frost giants
  7 deep elf sorcerers
  5 ghouls
  5 emperor scorpions (Spider:4)
  A curse skull (Crypt:2)
  3 orc warlords
  8 ironheart preservers
  7 war gargoyles
  5 entropy weavers
  8 very ugly things
  4 deep elf elementalists
  An entropy weaver (shapeshifter) (Vaults:5)
  8 stone giants
  7 deep elf demonologists
  A dire elephant (Vaults:1)
  5 deep elf annihilators
  A minotaur (Gauntlet)
  2 vampire knights
  2 spark wasps
  6 deep elf death magi
  12 death oozes
  Snorg (D:13)
  A crystal guardian (Vaults:5)
  5 ettins
  3 fire dragons
  4 eidola
  7 jiangshi
  13 yaktaur captains
  11 deep elf high priests
  3 ice dragons
  10 great orbs of eyes
  A rakshasa (Vaults:1)
  8 ogre magi
  A hell beast (Gauntlet)
  A catoblepas (Lair:5)
  3 shambling mangroves
  A quicksilver dragon skeleton (Vaults:5)
  16 hydras
  3 ghost crabs
  35 vault guards
  4 centaur warriors
  6 death knights
  11 alligators
  2 anacondas
  A two-headed ogre (shapeshifter) (Vaults:5)
  34 dancing weapons
  6 vampire magi
  38 two-headed ogres
  6 small abominations
  2 tengu warriors
  A deep troll earth mage (Vaults:5)
  9 death yaks
  2 orc high priests
  24 deep elf knights
  A storm dragon zombie (Crypt:2)
  A shock serpent (Vaults:4)
  2 soul eaters
  19 spriggans
  4 shadow wraiths
  61 skeletal warriors
  2 titan skeletons (Crypt:3)
  A fire crab (Lair:6)
  4 spriggan druids
  An iron troll (Slime:5)
  5 storm dragon skeletons
  2 unseen horrors (shapeshifter)
  2 glowing orange brains
  5 large abominations
  A glowing orange brain (shapeshifter) (Vaults:4)
  4 flayed ghosts
  5 deep trolls
  18 swamp dragons
  19 deep elf archers
  5 wizards
  5 phantasmal warriors
  A golden dragon skeleton (Crypt:3)
  An iron giant skeleton (Crypt:3)
  An orange crystal statue (Gauntlet)
  2 wolf spider zombies
  A spark wasp zombie (Crypt:3)
  9 orc knights
  11 orb spiders
  8 ironbrand convokers
  2 anaconda skeletons
  9 harpies
  A stone giant zombie (Vaults:4)
  28 ugly things
  An iron dragon zombie (Crypt:1)
  An orb spider (shapeshifter) (D:14)
  An oklob plant (Lair:1)
  3 shining eyes
  A frost giant zombie (Vaults:4)
  4 necromancers
  21 wolf spiders
  4 orc sorcerers
  A shadow dragon skeleton (Vaults:4)
  A faun (shapeshifter) (Vaults:4)
  62 deep elf magi
  A faun (Elf:1)
  2 human skeletons
  3 moths of wrath
  9 cyclopes
  A sphinx skeleton (Crypt:1)
  11 elephants
  5 eyes of devastation
  3 black mambas
  A fire giant skeleton (Crypt:3)
  A stone giant skeleton (Crypt:3)
  3 ice statues (IceCv)
  A frost giant skeleton (Crypt:3)
  A dire elephant zombie (Crypt:1)
  A torpor snail (shapeshifter) (Vaults:5)
  2 torpor snails
  16 vault sentinels
  2 spiny frogs (shapeshifter)
  17 spiny frogs
  A catoblepas zombie (Crypt:2)
  2 dire elephant skeletons
  5 gargoyles
  A human zombie (Vaults:5)
  13 demonic crawlers
  29 yaktaurs
  A kobold demonologist (D:11)
  A rime drake (Lair:6)
  6 komodo dragons
  10 freezing wraiths
  An efreet (D:13)
  A catoblepas skeleton (Crypt:3)
  A red draconian skeleton (Crypt:3)
  A tengu conjurer (D:14)
  4 red devils (Elf:1)
  12 trolls
  An iron troll skeleton (Crypt:2)
  A hydra zombie (Crypt:3)
  19 tyrant leeches
  2 polar bears (shapeshifter)
  3 polar bears (Lair:6)
  A meliai (shapeshifter) (Vaults:2)
  A troll (shapeshifter) (Vaults:1)
  A harpy skeleton (Volcano)
  2 tengu simulacra
  116 slime creatures
  31 jumping spiders
  A wolf spider simulacrum (Gauntlet)
  17 hornets
  11 bog bodies
  24 blink frogs
  7 dream sheep
  A stone giant simulacrum (Crypt:1)
  6 hippogriffs
  2 centaur simulacra (Gauntlet)
  2 alligator skeletons
  2 ice dragon skeletons
  A vampire (D:13)
  4 shadows
  24 tarantellas
  52 redbacks
  3 ettin skeletons
  12 flying skulls
  19 yaks
  An air elemental (Elf:1)
  8 wraiths
  2 wyverns
  6 basilisks
  4 water elementals
  A black mamba skeleton (Crypt:3)
  17 golden eyes
  4 hungry ghosts
  2 golden eyes (shapeshifter)
  A human simulacrum (Vaults:2)
  3 fire elementals
  24 vampire mosquitoes
  A steam dragon (Lair:5)
  A wind drake skeleton (Crypt:1)
  5 wargs
  An elf simulacrum (Vaults:5)
  17 insubstantial wisps
  A soldier ant (shapeshifter) (Vaults:1)
  21 swamp worms
  An acid dragon (Vaults:2)
  3 soldier ants
  3 spatial vortices
  A hell hound (Gauntlet)
  18 water moccasins
  A meliai simulacrum (D:14)
  14 swamp drakes
  8 porcupines
  4 eyes of draining
  39 orc warriors
  A spiny frog skeleton (Crypt:1)
  16 ice beasts
  A faun skeleton (Crypt:2)
  2 phantoms
  A black bear (shapeshifter) (Slime:5)
  6 necrophages
  3 black bears (Lair:6)
  34 ogres
  A hornet zombie (D:8)
  An ettin simulacrum (Vaults:3)
  8 boggarts
  A snapping turtle skeleton (Crypt:3)
  34 wolves
  A swamp dragon skeleton (Crypt:3)
  13 centaurs
  A dream sheep skeleton (Crypt:2)
  An eye of draining (shapeshifter) (Vaults:2)
  12 crocodiles
  3 big kobolds
  A rime drake skeleton (Crypt:1)
  9 bullfrogs
  A gnoll sergeant (D:11)
  2 earth elementals
  A wyvern zombie (D:10)
  A wyvern skeleton (D:11)
  3 scorpions
  A hornet simulacrum (Gauntlet)
  5 killer bees (D:10)
  9 wights
  5 electric eels
  2 troll skeletons (Volcano)
  4 crimson imps
  3 howler monkeys
  A centaur zombie (D:12)
  3 bullfrog zombies
  6 jellies
  A gnoll shaman (D:5)
  17 orc priests
  8 hounds
  28 orc wizards
  4 bullfrog skeletons
  3 iguanas
  2 hell rats (Lair:5)
  7 worker ants
  A killer bee zombie (Crypt:3)
  A crocodile zombie (Crypt:3)
  A felid zombie (Crypt:1)
  A deep dwarf skeleton (Crypt:3)
  2 hound skeletons
  A worker ant zombie (Crypt:2)
  18 gnolls
  12 adders
  10 river rats (Lair:5)
  3 shadow imps
  3 oozes
  2 adder skeletons
  A barachi zombie (Crypt:3)
  An iguana skeleton (Crypt:1)
  4 worms
  A dart slug (D:3)
  A leopard gecko (D:3)
  102 orcs
  3 ball pythons
  5 bats
  A giant cockroach (D:4)
  12 goblins
  4 hobgoblins
  5 jackals
  48 kobolds
  4 quokkas
  4 frilled lizards
  A frilled lizard zombie (Crypt:2)
  A jackal zombie (D:5)
  A kobold zombie (Crypt:2)
  A leopard gecko skeleton (D:5)
  A leopard gecko zombie (D:7)
  A quokka skeleton (D:9)
  A quokka zombie (D:10)
  6 rats
  7 crawling corpses
  A plant (Lair:1)
2162 creatures vanquished.

Vanquished Creatures (collateral kills)
  Asterion (Elf:2)
  An acid blob (Slime:2)
  A revenant (Crypt:2)
  A deep elf sorcerer (Elf:3)
  A two-headed ogre (D:8)
  2 dancing weapons
  A deep elf knight (Elf:2)
  A deep elf archer (Elf:1)
  4 deep elf magi
  A frost giant zombie (Crypt:2)
  A yellow draconian zombie (Crypt:2)
  A freezing wraith (Crypt:2)
  A demonic crawler (Spider:3)
  A water elemental (Elf:1)
  A wraith (Crypt:2)
  A golden eye (Slime:2)
  A hog (Lair:6)
  A warg (D:8)
  A swamp drake (Swamp:4)
  A phantom (D:12)
  An ogre (D:12)
  An orc priest (D:8)
  2 orc wizards (D:8)
  4 orcs
  A kobold (D:12)
33 creatures vanquished.

Vanquished Creatures (others)
  A deep elf master archer (Elf:3)
  3 deep elf sorcerers (Elf:3)
  A vault warden (Vaults:4)
  An ironheart preserver (Vaults:5)
  A deep elf death mage (Elf:3)
  2 hydras (Swamp:4)
  A dancing weapon (Elf:3)
  2 deep elf knights
  A skeletal warrior (Vaults:1)
  An unseen horror (D:13)
  A phantasmal warrior (Vaults:4)
  An ironbrand convoker (Vaults:4)
  A deep elf mage (Elf:2)
  An orb spider (Spider:1)
  A spiny frog (Swamp:2)
  2 jumping spiders (Spider:1)
  A spriggan (Swamp:4)
  A tarantella (Spider:4)
  A wraith (Crypt:1)
  3 humans (Lair:6)
  A warg (Vaults:5)
  2 ogres (Orc:2)
  A wolf (Lair:5)
  A boggart (Lair:6)
  An orc wizard (Orc:2)
  An orc (D:11)
  A crawling corpse (Elf:3)
  3 fire vortices (Slime:5)
  5 fungi
  7 plants
50 creatures vanquished.

Grand Total: 2245 creatures vanquished

Notes
Turn   | Place    | Note
-------+----------+-------------------------------------------
     0 | D:1      | Lanoc the Gargoyle Chaos Knight began the quest for the
                  | Orb.
     0 | D:1      | Reached XP level 1. HP: 14/14 MP: 1/1
    84 | D:1      | Reached skill level 1 in Dodging
    84 | D:1      | Reached XP level 2. HP: 19/19 MP: 2/2
   127 | D:2      | Reached XP level 3. HP: 22/23 MP: 3/3
   279 | D:2      | XOM: mild Air miscast
   613 | D:2      | XOM: mild Conj miscast
   835 | D:3      | XOM is BORED!
   835 | D:3      | XOM: enchant monster (bad)
   846 | D:3      | Reached XP level 4. HP: 17/29 MP: 4/4
   851 | D:3      | Found a burning altar of Makhleb.
   865 | D:3      | XOM: potion effect (berserk rage)
  1081 | D:3      | Found a basalt altar of Yredelemnul.
  1084 | D:3      | Found a hazy altar of Hepliaklqana.
  1087 | D:3      | Found a radiant altar of Vehumet.
  1095 | D:3      | Noticed an ogre
  1099 | D:3      | XOM: butterfly on damage
  1122 | D:3      | XOM: confusion
  1148 | D:2      | Reached XP level 5. HP: 16/33 MP: 5/5
  1437 | D:2      | XOM: summons 1 hostile demon
  1468 | D:3      | XOM: cloud trail
  1510 | D:3      | Found a white marble altar of Elyvilon.
  1561 | D:3      | XOM: blink monster(s)
  1566 | D:3      | Reached skill level 1 in Shields
  1805 | D:4      | XOM: summons friendly iron imp
  1807 | D:4      | XOM: smoke on damage
  1839 | D:4      | Reached XP level 6. HP: 22/38 MP: 6/6
  1872 | D:4      | XOM: harmless Chrm miscast
  1942 | D:4      | XOM: give mutations
  1942 | D:4      | Gained mutation: Your natural rate of healing is unusually
                  | fast. [Xom's grace]
  1942 | D:4      | Gained mutation: Your mind is acute. (Int +2) [Xom's grace]
  2038 | D:4      | XOM: summons friendly crimson imp
  2041 | D:4      | Reached skill level 5 in Maces & Flails
  2043 | D:4      | Reached XP level 7. HP: 21/44 MP: 7/7
  2123 | D:4      | XOM: cloud trail
  2248 | D:3      | XOM: summons 1 hostile demon
  2251 | D:3      | XOM: give mutations
  2251 | D:3      | Gained mutation: Your spells are a little harder to cast,
                  | but a little more powerful. [Xom's mischief]
  2251 | D:3      | Gained mutation: Armour fits poorly on your strangely
                  | shaped body. [Xom's mischief]
  2251 | D:3      | Lost mutation: Armour fits poorly on your strangely shaped
                  | body. [Xom's mischief]
  2396 | D:4      | Found a staircase to the Ecumenical Temple.
  2449 | D:4      | XOM: divination: detect creatures
  2617 | D:4      | XOM: give mutations
  2617 | D:4      | Gained mutation: You evolve. [Xom's grace]
  2617 | D:4      | Gained mutation: You expend magic power (3 MP) to
                  | strengthen your wands. [Xom's grace]
  2617 | D:4      | Gained mutation: You are partially covered in thin metallic
                  | scales. (AC +2) [Xom's grace]
  2617 | D:4      | Gained mutation: You are agile. (Dex +2) [Xom's grace]
  2697 | Temple   | Entered the Ecumenical Temple
  2768 | D:5      | Entered Level 5 of the Dungeon
  2805 | D:5      | XOM: scenery: create altars
  2814 | D:5      | XOM: summons 7 friendly demons
  2838 | D:5      | Reached skill level 5 in Fighting
  2873 | D:5      | Noticed a glowing shapeshifter
  2873 | D:5      | a hound changed into a glowing shapeshifter
  2873 | D:5      | Noticed a snapping turtle
  2873 | D:5      | a glowing shapeshifter changed into a snapping turtle
  2878 | D:5      | Noticed a dream sheep
  2878 | D:5      | a snapping turtle changed into a dream sheep
  2883 | D:5      | XOM: summons friendly quasit
  2884 | D:5      | Noticed a merfolk
  2884 | D:5      | a dream sheep changed into a merfolk
  2885 | D:5      | Noticed a snapping turtle
  2885 | D:5      | a merfolk changed into a snapping turtle
  2886 | D:5      | Noticed a mana viper
  2886 | D:5      | a snapping turtle changed into a mana viper
  2888 | D:5      | Noticed a fire crab
  2888 | D:5      | a mana viper changed into a fire crab
  2890 | D:5      | XOM: butterfly on damage
  2892 | D:5      | Noticed a queen bee
  2892 | D:5      | a fire crab changed into a queen bee
  2899 | D:5      | XOM: confuse monster(s)
  2941 | D:5      | XOM: polymorph worker ant -> gnoll
  2998 | D:5      | Reached XP level 8. HP: 44/49 MP: 8/8
  3110 | D:5      | XOM: give mutations
  3110 | D:5      | Gained mutation: Your body sometimes deteriorates upon
                  | taking damage. [Xom's mischief]
  3110 | D:5      | Gained mutation: You occasionally shout uncontrollably at
                  | your foes. [Xom's mischief]
  3110 | D:5      | Lost mutation: Your body sometimes deteriorates upon taking
                  | damage. [Xom's mischief]
  3125 | D:5      | XOM: divination: detect creatures
  3128 | D:5      | XOM: potion effect (invisibility)
  3242 | D:5      | Got a warped mace
  3243 | D:5      | Identified the +10 mace of Flawed Execution {freeze, rC++}
                  | (You found it on level 5 of the Dungeon)
  3347 | D:5      | XOM: noise
  3369 | D:5      | Noticed a tarantella
  3372 | D:5      | XOM: scenery: create altars
  3375 | D:5      | Noticed a polar bear
  3375 | D:5      | a tarantella changed into a polar bear
  3376 | D:5      | Noticed a guardian serpent
  3376 | D:5      | a polar bear changed into a guardian serpent
  3377 | D:5      | Noticed a harpy
  3377 | D:5      | a guardian serpent changed into a harpy
  3380 | D:5      | Noticed a raiju
  3380 | D:5      | a harpy changed into a raiju
  3381 | D:5      | Noticed an orb spider
  3381 | D:5      | a raiju changed into an orb spider
  3384 | D:5      | Noticed a polar bear
  3384 | D:5      | an orb spider changed into a polar bear
  3390 | D:5      | Killed a polar bear
  3605 | D:6      | Gained mutation: Your muscles are strong. (Str +2)
                  | [evolution]
  3605 | D:6      | Lost mutation: You evolve. [end of evolution]
  3633 | D:6      | XOM: swap monsters
  3684 | D:6      | Reached skill level 5 in Armour
  3783 | D:6      | Found a shimmering altar of Xom.
  4072 | D:6      | XOM: medium Erth miscast
  4401 | D:7      | XOM: confusion (+ monsters)
  4414 | D:7      | Reached XP level 9. HP: 53/55 MP: 9/9
  4491 | D:7      | XOM: noise
  4559 | D:7      | XOM: medium Summ miscast
  4560 | D:7      | Noticed a smoke demon
  4688 | D:7      | XOM: mild Tloc miscast
  4723 | D:7      | Found a blossoming altar of Fedhas.
  4903 | D:7      | XOM: mild Erth miscast
  4908 | D:7      | XOM: divination: magic mapping
  4991 | D:7      | Found Motamom's Weapon Emporium.
  5224 | D:7      | XOM: give mutations
  5224 | D:7      | Gained mutation: You are robust. (+10% HP) [Xom's grace]
  5224 | D:7      | Gained mutation: You possess an exceptional clarity of
                  | mind. [Xom's grace]
  5306 | D:8      | Noticed a two-headed ogre
  5313 | D:8      | XOM: butterfly on damage
  5319 | D:8      | XOM: harmless Air miscast
  5406 | D:8      | XOM: swap monsters
  5409 | D:8      | XOM: blink monster(s)
  5412 | D:8      | Killed a two-headed ogre
  5437 | D:8      | XOM: chaos cloud
  5596 | D:8      | Noticed a two-headed ogre
  5626 | D:8      | XOM: summons 4 friendly demons
  5631 | D:8      | Killed a two-headed ogre
  5631 | D:8      | Reached skill level 5 in Dodging
  5631 | D:8      | Reached XP level 10. HP: 47/69 MP: 10/10
  5731 | D:8      | Found a staircase to the Lair.
  5740 | D:8      | XOM: chaos upgrade
  5948 | D:9      | Found a staircase to the Orcish Mines.
  6237 | D:9      | XOM: summons 4 friendly demons
  6523 | D:9      | Found Kitivux's General Store.
  6540 | D:9      | Bought a scroll of summoning for 142 gold pieces
  6553 | D:9      | XOM: blink monster(s)
  6568 | D:9      | XOM: blink monster(s)
  6688 | D:9      | XOM: noise
  6809 | D:10     | Entered Level 10 of the Dungeon
  6879 | D:10     | XOM: cast spell 'Summon Butterflies'
  6886 | D:10     | Reached skill level 10 in Maces & Flails
  6925 | D:10     | XOM: give mutations
  6925 | D:10     | Lost mutation: You are robust. (+10% HP) [Xom's mischief]
  6925 | D:10     | Gained mutation: Your body sometimes deteriorates upon
                  | taking damage. [Xom's mischief]
  6925 | D:10     | Lost mutation: You possess an exceptional clarity of mind.
                  | [Xom's mischief]
  6925 | D:10     | Lost mutation: Your muscles are strong. (Str +2) [Xom's
                  | mischief]
  6972 | D:10     | XOM: god gift: 38 gold pieces
  7401 | D:10     | XOM: noise
  7620 | D:10     | XOM: summons 2 hostile shadow creatures
  7696 | D:11     | Noticed a cyclops
  7702 | D:11     | XOM: cleaving
  7704 | D:11     | XOM: noise
  7705 | D:11     | XOM: noise
  7712 | D:11     | Killed a cyclops
  7721 | D:11     | Reached XP level 11. HP: 54/69 MP: 11/11
  7750 | D:11     | Found a gate leading to a gauntlet.
  7752 | D:11     | Noticed a centaur warrior
  7755 | D:11     | XOM: polymorph eye of draining -> basilisk
  7770 | D:11     | XOM: confuse monster(s)
  7771 | D:11     | Killed a centaur warrior
  7789 | Gauntlet | Entered a Gauntlet
  7789 | Gauntlet | Found a transporter.
  7789 | Gauntlet | Found a transporter.
  7789 | Gauntlet | Found a transporter.
  7790 | Gauntlet | Found a transporter.
  7793 | Gauntlet | Found a transporter.
  7793 | Gauntlet | Found a transporter.
  7803 | Gauntlet | Found a transporter.
  7804 | Gauntlet | Noticed a hell beast
  7807 | Gauntlet | Found a transporter.
  7816 | Gauntlet | Noticed an orange crystal statue
  7817 | Gauntlet | Found a transporter.
  7919 | Gauntlet | Found a transporter.
  7923 | Gauntlet | Found a transporter.
  7938 | Gauntlet | Found a transporter.
  7938 | Gauntlet | XOM: harmless Summ miscast
  8018 | Gauntlet | Got a slimy hunting sling
  8019 | Gauntlet | Identified the +8 hunting sling "Ehin" {flame, -Tele +Inv
                  | rN+++ Dex-5} (You found it in a Gauntlet)
  8024 | Gauntlet | XOM: god gift: 35 sling bullets
  8030 | Gauntlet | XOM: give mutations
  8030 | Gauntlet | Gained mutation: You have a somewhat thin skeletal
                  | structure. (Dex +2, Stealth) [Xom's grace]
  8030 | Gauntlet | Gained mutation: Your mind is very acute. (Int +4) [Xom's
                  | grace]
  8045 | Gauntlet | XOM: potion effect (haste)
  8049 | Gauntlet | Killed a hell beast
  8137 | Gauntlet | Killed an orange crystal statue
  8141 | Gauntlet | Got a warped zirconium amulet
  8145 | Gauntlet | Got an encrusted ring mail
  8156 | Gauntlet | Identified the +4 ring mail of Love and Death {-Cast +Fly
                  | Int-4 Dex+9} (You found it in a Gauntlet)
  8160 | Gauntlet | Identified the amulet "Wovif" {Gourm *Contam +Blink rN+}
                  | (You found it in a Gauntlet)
  8170 | Gauntlet | Noticed a minotaur
  8171 | Gauntlet | XOM: summons friendly ufetubus
  8175 | Gauntlet | XOM: cleaving
  8176 | Gauntlet | XOM: give mutations
  8176 | Gauntlet | Gained mutation: You can translocate small distances at
                  | will. [Xom's grace]
  8176 | Gauntlet | Gained mutation: You have a pair of small horns on your
                  | head. [Xom's grace]
  8176 | Gauntlet | Gained mutation: You are resistant to hostile enchantments.
                  | (MR+) [Xom's grace]
  8176 | Gauntlet | Gained mutation: Your large and strong wings let you fly
                  | indefinitely. [Xom's grace]
  8182 | Gauntlet | Lost mutation: You have a pair of small horns on your head.
                  | [potion of mutation]
  8182 | Gauntlet | Lost mutation: You expend magic power (3 MP) to strengthen
                  | your wands. [potion of mutation]
  8182 | Gauntlet | Lost mutation: Your spells are a little harder to cast, but
                  | a little more powerful. [potion of mutation]
  8182 | Gauntlet | Lost mutation: You are agile. (Dex +2) [potion of mutation]
  8182 | Gauntlet | Gained mutation: You are agile. (Dex +2) [potion of
                  | mutation]
  8182 | Gauntlet | Gained mutation: You have sharp toenails. [potion of
                  | mutation]
  8182 | Gauntlet | Gained mutation: Your muscles are strong. (Str +2) [potion
                  | of mutation]
  8188 | Gauntlet | XOM: confuse monster(s)
  8190 | Gauntlet | Killed a minotaur
  8327 | D:11     | XOM: potion effect (brilliance)
  8483 | D:11     | Noticed a purple ugly thing
  8485 | D:11     | Noticed a purple ugly thing
  8487 | D:11     | XOM: potion effect (curing)
  8492 | D:11     | XOM: cast spell 'Call Canine Familiar'
  8495 | D:11     | XOM: cast spell 'Summon Ice Beast'
  8496 | D:11     | Killed a purple ugly thing
  8509 | D:11     | Killed a purple ugly thing
  8549 | D:11     | XOM: summons friendly crimson imp
  8565 | D:11     | XOM: summons friendly ufetubus
  8571 | D:11     | XOM: divination: magic mapping
  8575 | D:11     | Reached XP level 12. HP: 39/77 MP: 12/12
  8575 | D:11     | XOM: god gift: scroll labeled BUNUMN YMIMAT {god gift}
  8579 | D:11     | XOM: destruction
  8805 | D:12     | Reached skill level 10 in Fighting
  8816 | D:12     | XOM: fog
  8918 | D:12     | Noticed a two-headed ogre
  8918 | D:12     | XOM: fog
  8919 | D:12     | Noticed an ogre mage
  8919 | D:12     | Noticed a two-headed ogre
  8931 | D:12     | XOM: cast spell 'Summon Mana Viper'
  8937 | D:12     | Killed an ogre mage
  8939 | D:12     | Killed a two-headed ogre
  8947 | D:12     | Killed a two-headed ogre
  8947 | D:12     | Reached skill level 10 in Armour
  9068 | D:12     | XOM: summons friendly ufetubus
  9070 | D:12     | XOM: cleaving
  9078 | D:12     | Found Ivietig's Gadget Emporium.
  9135 | D:12     | Noticed a two-headed ogre
  9139 | D:12     | XOM: confuse monster(s)
  9141 | D:12     | Killed a two-headed ogre
  9151 | D:12     | XOM: scenery: create altars
  9203 | D:12     | Noticed a seven-headed hydra
  9211 | D:12     | Killed a seven-headed hydra
  9273 | D:12     | Found Vaahu's Demolitions Depot.
  9310 | D:12     | XOM: give mutation
  9310 | D:12     | Gained mutation: You are partially covered in iridescent
                  | scales. (AC +2) [Xom's grace]
  9333 | D:12     | Noticed a two-headed ogre
  9338 | D:12     | Killed a two-headed ogre
  9375 | D:12     | Noticed a two-headed ogre
  9381 | D:12     | Killed a two-headed ogre
  9519 | D:13     | Found a flagged portal.
  9525 | D:13     | Noticed a two-headed ogre
  9536 | D:13     | Killed a two-headed ogre
  9536 | D:13     | Reached XP level 13. HP: 74/84 MP: 13/13
  9553 | D:13     | XOM: enchant monster (good)
  9602 | D:13     | Found a gate to the Vaults.
  9602 | D:13     | Noticed a vault guard
  9602 | D:13     | Noticed a vault guard
  9602 | D:13     | Noticed a vault guard
  9602 | D:13     | Noticed a vault guard
  9627 | D:13     | Killed a vault guard
  9642 | D:13     | XOM: summons friendly ufetubus
  9644 | D:13     | Killed a vault guard
  9647 | D:13     | XOM: fake destruction
  9648 | D:13     | XOM: divination: detect items
  9653 | D:13     | Killed a vault guard
  9658 | D:13     | XOM: noise
  9662 | D:13     | Killed a vault guard
  9665 | D:13     | XOM: harmless Ice miscast
  9703 | D:13     | XOM: confusion
  9732 | Bailey   | Entered a bailey
  9738 | Bailey   | Noticed an orc warlord
  9770 | Bailey   | XOM: god gift: glowing demon whip {god gift}
  9803 | Bailey   | Found a runed translucent gate.
  9811 | Bailey   | Found a runed translucent gate.
  9813 | Bailey   | Found a runed translucent gate.
  9858 | Bailey   | XOM: silly message
  9953 | Bailey   | XOM: give mutations
  9953 | Bailey   | Lost mutation: You have sharp toenails. [Xom's mischief]
  9953 | Bailey   | Lost mutation: You occasionally shout uncontrollably at
                  | your foes. [Xom's mischief]
  9953 | Bailey   | Gained mutation: Your body often deteriorates upon taking
                  | damage. [Xom's mischief]
  9953 | Bailey   | Lost mutation: Your natural rate of healing is unusually
                  | fast. [Xom's mischief]
 10017 | Bailey   | Killed an orc warlord
 10046 | Bailey   | Identified a scroll of acquirement
 10057 | Bailey   | Mutation became permanent: Your large and strong wings let
                  | you fly indefinitely. [Gargoyle growth]
 10057 | Bailey   | Gained mutation: Your large and strong wings let you fly
                  | indefinitely. [Gargoyle growth]
 10057 | Bailey   | Reached XP level 14. HP: 92/92 MP: 14/14
 10260 | D:13     | XOM: summons 3 hostile shadow creatures
 10306 | D:13     | XOM: noise
 10335 | D:13     | Noticed Snorg
 10349 | D:13     | Killed Snorg
 10478 | D:13     | XOM: 2-stop teleportation journey
 10479 | D:13     | Noticed Jorgrun
 10493 | D:13     | XOM: confusion
 10511 | D:13     | XOM: cleaving
 10683 | D:13     | XOM: destruction
 10688 | D:13     | Killed Jorgrun
 10689 | D:13     | XOM: harmless Necr miscast
 10891 | D:13     | Found a runed translucent gate.
 10891 | D:13     | Found a runed translucent gate.
 10891 | D:13     | Noticed Ijustatesigmund's ghost (journeyman OpFi)
 10892 | D:13     | Found a runed translucent gate.
 10897 | D:13     | Noticed a frost giant
 11001 | D:13     | XOM: enchant monster (bad)
 11007 | D:13     | XOM: chaos upgrade
 11012 | D:13     | XOM: stat loss: -1 Dex (24/25)
 11405 | D:14     | Found a runed translucent gate.
 11405 | D:14     | Found a runed translucent gate.
 11405 | D:14     | Found a runed translucent gate.
 11406 | D:14     | Found an opulent altar of Gozag.
 11449 | D:14     | Reached skill level 10 in Dodging
 11485 | D:14     | XOM: divination: detect creatures
 11716 | D:14     | Noticed Umyidaigh's ghost (journeyman DDFi)
 11718 | D:14     | Noticed a fire giant
 11730 | D:14     | XOM: potion effect (haste)
 11738 | D:14     | XOM: potion effect (haste)
 11742 | D:14     | Reached XP level 15. HP: 97/97 MP: 15/15
 11753 | D:14     | XOM: cast spell 'Olgreb's Toxic Radiance'
 12231 | D:13     | XOM: potion effect (might)
 12232 | D:13     | HP: 3/98 [fire giant/bolt of fire (12)]
 12712 | Lair:1   | Entered Level 1 of the Lair of Beasts
 13068 | Lair:1   | XOM: enchant monster (good)
 13208 | Lair:1   | You are sucked into a shaft and drop 1 floor!
 13379 | Lair:2   | XOM: 2-stop teleportation journey
 13385 | Lair:2   | XOM: swap monsters
 13390 | Lair:2   | XOM: repel stairs
 13392 | Lair:2   | XOM: 1-stop teleportation journey
 13423 | Lair:2   | XOM: 2-stop teleportation journey
 13502 | Lair:2   | XOM: noise
 13510 | Lair:2   | XOM: enchant monster (good)
 13517 | Lair:2   | XOM: 4-stop teleportation journey
 13919 | Lair:2   | XOM: god gift: ration
 13934 | Lair:2   | XOM: confuse monster(s)
 14226 | Lair:2   | XOM: silly message
 14555 | Lair:3   | XOM: harmless Pois miscast
 14782 | Lair:3   | XOM: cloud trail
 14920 | Lair:3   | Found a hole to the Spider Nest.
 15003 | Lair:3   | XOM: divination: magic mapping
 15017 | Lair:3   | XOM: harmless Hex miscast
 15063 | Lair:3   | XOM: god gift: scroll of teleportation
 15186 | Lair:3   | XOM: give mutations
 15186 | Lair:3   | Gained mutation: Your flesh is cold resistant. (rC+) [Xom's
                  | grace]
 15186 | Lair:3   | Gained mutation: You are highly resistant to hostile
                  | enchantments. (MR++) [Xom's grace]
 15186 | Lair:3   | Gained mutation: You are robust. (+10% HP) [Xom's grace]
 15186 | Lair:3   | Gained mutation: You are extremely resistant to the effects
                  | of hostile enchantments. (MR+++) [Xom's grace]
 15268 | Lair:3   | XOM: give mutation
 15268 | Lair:3   | Gained mutation: Your muscles are very strong. (Str +4)
                  | [Xom's grace]
 15302 | Lair:3   | XOM: cloud trail
 15307 | Lair:3   | XOM: harmless Necr miscast
 15342 | Lair:4   | XOM: divination: detect creatures
 15476 | Lair:4   | XOM: cloud trail
 15722 | Lair:4   | XOM is BORED!
 16069 | Lair:4   | XOM: destruction
 16070 | Lair:4   | XOM: harmless Summ miscast
 16127 | Lair:4   | XOM: harmless Ice miscast
 16189 | Lair:4   | XOM: scenery: create altars
 16201 | Lair:4   | Found a staircase to the Swamp.
 16446 | Lair:4   | XOM: god gift: 2 potions of resistance
 16502 | Lair:5   | XOM: enchant monster (good)
 16513 | Lair:5   | XOM: destruction
 16613 | Lair:5   | XOM: harmless Air miscast
 16663 | Lair:5   | XOM: cloud trail
 16871 | Lair:5   | XOM: harmless Fire miscast
 16872 | Lair:5   | XOM: divination: magic mapping
 17255 | Lair:5   | XOM: harmless Erth miscast
 17383 | Lair:6   | Entered Level 6 of the Lair of Beasts
 17427 | Lair:6   | XOM: potion effect (invisibility)
 17510 | Lair:6   | Found a dark tunnel.
 17520 | Volcano  | XOM: stealth player
 17520 | Volcano  | Entered a volcano
 17640 | Volcano  | XOM: potion effect (haste)
 17715 | Volcano  | Reached XP level 16. HP: 111/117 MP: 16/16
 17730 | Volcano  | XOM: divination: detect items
 17832 | Lair:6   | XOM: divination: detect creatures
 17871 | Lair:6   | Found a staircase to the Slime Pits.
 17904 | Lair:6   | Identified the cursed +0 rapier of Disharmony {freeze, rF++
                  | Dex+2} (You found it on level 6 of the Lair of Beasts)
 17987 | Lair:6   | Noticed Kirke
 17991 | Lair:6   | XOM: cast spell 'Summon Ice Beast'
 18007 | Lair:6   | XOM: divination: detect items
 18012 | Lair:6   | Killed Kirke
 18176 | Lair:6   | XOM: divination: detect items
 18282 | Lair:6   | Reached skill level 15 in Fighting
 18298 | Lair:6   | Identified the Papyrus of Illusion
 18373 | Lair:6   | XOM: divination: detect items
 18447 | Lair:6   | XOM: divination: detect items
 18772 | Lair:5   | XOM: mild Pois miscast
 18825 | Lair:2   | XOM: noise
 18899 | Orc:1    | Entered Level 1 of the Orcish Mines
 19156 | Orc:2    | Entered Level 2 of the Orcish Mines
 19210 | Orc:2    | XOM: potion effect (invisibility)
 19216 | Orc:2    | XOM: potion effect (curing)
 19232 | Orc:2    | Reached skill level 15 in Armour
 19245 | Orc:2    | XOM: harmless Pois miscast
 19305 | Orc:2    | XOM: harmless Summ miscast
 19330 | Orc:2    | Found Umper's General Store.
 19332 | Orc:2    | Found Sirranoe's Armour Shop.
 19340 | Orc:2    | XOM: divination: magic mapping
 19342 | Orc:2    | XOM: silly message
 19343 | Orc:2    | XOM: potion effect (brilliance)
 19351 | Orc:2    | XOM: potion effect (curing)
 19366 | Orc:2    | XOM: divination: detect items
 19386 | Orc:2    | XOM: potion effect (agility)
 19407 | Orc:2    | Found Qeg Xu Jixe's Book Shoppe.
 19413 | Orc:2    | Found Qaopipp's Antique Armour Boutique.
 19432 | Orc:2    | Bought a scroll of teleportation for 45 gold pieces
 19438 | Orc:2    | Bought a scroll of teleportation for 45 gold pieces
 19494 | Orc:2    | XOM: harmless Tmut miscast
 19505 | Orc:2    | Found a frozen archway.
 19515 | IceCv    | Entered an ice cave
 19532 | IceCv    | XOM: harmless Pois miscast
 19561 | IceCv    | XOM: noise
 19562 | IceCv    | XOM: polymorph ice beast -> scorpion
 19566 | IceCv    | XOM: cast spell 'Summon Small Mammal'
 19689 | IceCv    | XOM: polymorph ice beast -> fire bat
 19906 | Orc:2    | Found a roughly hewn altar of Beogh.
 19908 | Orc:2    | Found a staircase to the Elven Halls.
 20194 | Elf:1    | Entered Level 1 of the Elven Halls
 20202 | Elf:1    | XOM: polymorph deep elf mage -> faun
 20203 | Elf:1    | XOM: divination: detect creatures
 20226 | Elf:1    | Found a radiant altar of Vehumet.
 20249 | Elf:1    | XOM: confuse monster(s)
 20290 | Elf:1    | XOM: give mutations
 20290 | Elf:1    | Lost mutation: Your body often deteriorates upon taking
                  | damage. [Xom's mischief]
 20290 | Elf:1    | Lost mutation: You are agile. (Dex +2) [Xom's mischief]
 20290 | Elf:1    | Gained mutation: Your body often deteriorates upon taking
                  | damage. [Xom's mischief]
 20345 | Elf:1    | Found Gen Vid's Mayhem Merchandise.
 20353 | Elf:1    | Bought the +6 shillelagh "Devastator" {shatter} for 1200
                  | gold pieces
 20353 | Elf:1    | Found the +6 shillelagh "Devastator" {shatter}
 20364 | Elf:1    | XOM: confusion (+ monsters)
 20366 | Elf:1    | XOM: mild Air miscast
 20377 | Elf:1    | XOM: give mutations
 20377 | Elf:1    | Gained mutation: Your flesh is very cold resistant. (rC++)
                  | [Xom's grace]
 20377 | Elf:1    | Gained mutation: You have a pair of small horns on your
                  | head. [Xom's grace]
 20377 | Elf:1    | Gained mutation: You have a pair of horns on your head.
                  | [Xom's grace]
 20397 | Elf:1    | Reached XP level 17. HP: 126/126 MP: 17/17
 20416 | Elf:1    | XOM: cast spell 'Cause Fear'
 20505 | Elf:1    | XOM: summons 11 friendly demons
 20830 | Elf:1    | XOM: scenery: create altars
 20841 | Elf:1    | XOM: summons friendly sun demon
 20907 | Elf:1    | XOM: god gift: 40 gold pieces
 21056 | Elf:2    | XOM: fog
 21057 | Elf:2    | XOM: give mutations
 21057 | Elf:2    | Gained mutation: You are somewhat resistant to further
                  | mutation. [Xom's grace]
 21057 | Elf:2    | Gained mutation: You have an increased reservoir of magic.
                  | (+10% MP) [Xom's grace]
 21097 | Elf:2    | XOM: smoke on damage
 21352 | Elf:2    | XOM: scenery: create altars
 21400 | Elf:2    | Found a runed translucent door.
 21421 | Elf:2    | XOM: potion effect (curing)
 21432 | Elf:2    | Found a runed translucent door.
 21455 | Elf:2    | Found Vuseukee's Antique Weapon Emporium.
 21473 | Elf:2    | XOM: summons 3 friendly demons
 21531 | Elf:2    | XOM: scenery: 2 doors open
 21537 | Elf:2    | XOM: fake destruction
 21797 | Elf:2    | XOM: scenery: 1 doors close
 22104 | Elf:2    | XOM: polymorph deep elf knight -> anaconda
 22105 | Elf:2    | XOM: 4-stop teleportation journey
 22117 | Elf:2    | XOM: confuse monster(s)
 22122 | Elf:2    | Noticed Asterion
 22132 | Elf:2    | Noticed an Executioner
 22139 | Elf:2    | XOM: cleaving
 22150 | Elf:2    | Killed Asterion
 22164 | Elf:2    | XOM: destruction
 22169 | Elf:2    | XOM: enchant monster (good)
 22181 | Elf:2    | XOM: summons 8 friendly demons
 22185 | Elf:2    | XOM: god gift: 26 gold pieces
 22358 | Elf:2    | XOM: divination: detect creatures
 22362 | Elf:2    | XOM: summons 7 friendly demons
 22368 | Elf:2    | XOM: confuse monster(s)
 22371 | Elf:2    | XOM: enchant monster (good)
 22373 | Elf:2    | XOM: fog
 22386 | Elf:2    | Reached XP level 18. HP: 66/136 MP: 19/19
 22769 | Elf:3    | Entered Level 3 of the Elven Halls
 22805 | Elf:3    | XOM: summons 7 friendly demons
 22905 | Elf:3    | Noticed a deep elf master archer
 22905 | Elf:3    | Noticed a deep elf blademaster
 22906 | Elf:3    | XOM: confuse monster(s)
 22923 | Elf:3    | XOM: fog
 22928 | Elf:3    | Killed a deep elf blademaster
 22939 | Elf:3    | XOM: destruction
 22945 | Elf:3    | XOM: divine lightning
 22946 | Elf:3    | XOM: polymorph deep elf annihilator -> azure jelly
 22948 | Elf:3    | Noticed a deep elf master archer
 22948 | Elf:3    | XOM: summons 6 friendly demons
 22954 | Elf:3    | XOM: summons friendly white imp
 22961 | Elf:3    | Killed a deep elf master archer
 22965 | Elf:3    | Killed a deep elf master archer
 22965 | Elf:3    | XOM: divine lightning
 22971 | Elf:3    | Identified the +4 scythe of Urus {slice, +Blink rC+++ MR+
                  | Int-2}
 22973 | Elf:3    | XOM: enchant monster (bad)
 23347 | Elf:3    | XOM: noise
 23423 | Elf:3    | Identified the +7 quarterstaff of Joch {drain, -Tele rPois
                  | rF+}
 23425 | Elf:3    | Noticed a deep elf blademaster
 23429 | Elf:3    | XOM: harmless Ice miscast
 23440 | Elf:3    | Killed a deep elf blademaster
 23449 | Elf:3    | XOM: enchant monster (good)
 23450 | Elf:3    | Identified the +5 long sword of the Eternal Warrior {slice,
                  | rN+ Str+5}
 23450 | Elf:3    | Identified the +4 scale mail "Pupinus" {rF+ rCorr}
 23450 | Elf:3    | Identified the +2 buckler "Hodiupt" {MR- Str+4 Dex+2}
 23450 | Elf:3    | Identified the cursed ring of Diki {Str-3 Int+3}
 23473 | Elf:3    | XOM: cast spell 'Alistair's Intoxication'
 23492 | Elf:3    | XOM: silly message
 23610 | Elf:3    | XOM: cloud trail
 23629 | Elf:3    | Got a distressingly furry chain mail
 23630 | Elf:3    | Identified the Catalogue of Dislocated Talismans
 23642 | Elf:3    | Identified Loihutoa's Grimoire of Unstable Curses
 23657 | Elf:3    | Learned a level 3 spell: Tukima's Dance
 23667 | Elf:3    | Identified the cursed +1 chain mail of Xom's Delight
                  | {Str+3} (You found it on level 3 of the Elven Halls)
 23968 | D:9      | XOM: harmless Summ miscast
 24039 | Spider:1 | Entered Level 1 of the Spider Nest
 24040 | Spider:1 | XOM: enchant monster (good)
 24049 | Lair:3   | XOM: harmless Necr miscast
 24126 | Swamp:1  | Entered Level 1 of the Swamp
 24182 | Swamp:1  | XOM: summons 12 friendly demons
 24197 | Swamp:1  | Reached skill level 1 in Hexes
 24211 | Swamp:1  | Identified the +2 war axe "Nibbuso" {antimagic, MR+ Str+5
                  | Int+3} (You found it on level 1 of the Swamp)
 24287 | Swamp:1  | XOM: fog
 24328 | Swamp:1  | XOM: scenery: create altars
 24333 | Swamp:1  | XOM: cast spell 'Dispersal'
 24354 | Swamp:1  | Noticed Frances
 24360 | Swamp:1  | XOM: harmless Necr miscast
 24374 | Swamp:1  | Killed Frances
 24540 | Swamp:1  | XOM: noise
 24541 | Swamp:1  | Reached XP level 19. HP: 132/144 MP: 20/20
 24569 | Swamp:1  | XOM: silly message
 24897 | Swamp:2  | XOM: noise
 24962 | Swamp:2  | XOM: swap monsters
 25437 | Swamp:3  | XOM: polymorph slime creature -> anaconda
 25464 | Swamp:3  | XOM: god gift: 43 gold pieces
 25517 | Swamp:3  | XOM: divination: detect creatures
 25564 | Swamp:3  | XOM: destruction
 25651 | Swamp:3  | Identified Pafroruge's Grimoire of the Mountains and the
                  | Compass
 25731 | Swamp:3  | XOM: god gift: wand of digging (4)
 26064 | Swamp:3  | XOM: mild Summ miscast
 26092 | Swamp:4  | Entered Level 4 of the Swamp
 26106 | Swamp:4  | XOM: enchant monster (good)
 26110 | Swamp:4  | XOM: cleaving
 26111 | Swamp:4  | XOM: scenery: create altars
 26133 | Swamp:4  | XOM: summons friendly shadow imp
 26149 | Swamp:4  | XOM: fake destruction
 26292 | Swamp:4  | XOM: mild Air miscast
 26297 | Swamp:4  | Identified the +5 flail "Aloor" {flame, rElec rC+} (You
                  | found it on level 4 of the Swamp)
 26371 | Swamp:4  | XOM: summons 8 friendly demons
 26402 | Swamp:4  | Identified the +4 helmet of Terror {Int+6 Dex+2} (You found
                  | it on level 4 of the Swamp)
 26464 | Swamp:4  | Noticed the 27-headed Lernaean hydra
 26468 | Swamp:4  | XOM: noise
 26481 | Swamp:4  | XOM: fake destruction
 26483 | Swamp:4  | Killed the 27-headed Lernaean hydra
 26483 | Swamp:4  | Reached skill level 15 in Dodging
 26483 | Swamp:4  | Reached skill level 5 in Hexes
 26483 | Swamp:4  | XOM: polymorph four-headed hydra -> fire dragon
 26498 | Swamp:4  | XOM: scenery: create altars
 26501 | Swamp:4  | XOM: fake destruction
 26518 | Swamp:4  | XOM: polymorph swamp drake -> boggart
 26825 | Swamp:4  | Got a decaying rune of Zot
 26979 | Swamp:4  | XOM: destruction
 27259 | Swamp:2  | XOM: harmless Tloc miscast
 27263 | Swamp:2  | XOM: god gift: ration
 27447 | Lair:3   | XOM: scenery: create altars
 27625 | Spider:1 | XOM: summons friendly shadow imp
 27628 | Spider:1 | XOM: destruction
 27637 | Spider:1 | XOM: destruction
 27639 | Spider:1 | Reached XP level 20. HP: 128/152 MP: 22/22
 27643 | Spider:1 | XOM: divination: magic mapping
 27874 | Spider:2 | XOM: god gift: 38 gold pieces
 27921 | Spider:2 | XOM: scenery: create altars
 27948 | Spider:2 | XOM: polymorph redback -> cyclops
 28185 | Spider:2 | XOM: give mutation
 28185 | Spider:2 | Gained mutation: Your flesh is almost immune to the effects
                  | of cold. (rC+++) [Xom's grace]
 28187 | Spider:2 | XOM: scenery: create altars
 28285 | Spider:2 | XOM: confuse monster(s)
 28489 | Spider:3 | Noticed Arachne
 28491 | Spider:3 | XOM: summons 2 friendly demons
 28511 | Spider:3 | Noticed Nikola
 28522 | Spider:3 | Killed Nikola
 28534 | Spider:3 | Killed Arachne
 28769 | Spider:3 | XOM: cast spell 'Discord'
 28906 | Spider:3 | XOM: god gift: scroll of teleportation
 28954 | Spider:4 | Entered Level 4 of the Spider Nest
 28975 | Spider:4 | XOM: cast spell 'Summon Small Mammal'
 29053 | Spider:4 | XOM: enchant monster (good)
 29231 | Spider:4 | XOM: divination: detect creatures
 29312 | Spider:4 | XOM: polymorph emperor scorpion -> storm dragon
 29751 | Spider:4 | XOM: give mutations
 29751 | Spider:4 | Gained mutation: Your spells are a little harder to cast,
                  | but a little more powerful. [Xom's grace]
 29751 | Spider:4 | Gained mutation: You have sharp toenails. [Xom's grace]
 29864 | Spider:4 | Got a gossamer rune of Zot
 30032 | Spider:2 | XOM: cloud trail
 30226 | Vaults:1 | Entered Level 1 of the Vaults
 30238 | Vaults:1 | Found a flickering gateway to a bazaar.
 30251 | Bazaar   | Entered a bazaar
 30264 | Bazaar   | Found Hiasmij's Assorted Antiques.
 30264 | Bazaar   | Found Pukihios's Jewellery Emporium.
 30300 | Bazaar   | Found Eraopp's Magic Scroll Shoppe.
 30300 | Bazaar   | Found Kanoheutt's Jewellery Shoppe.
 30363 | Bazaar   | Bought a scroll of summoning for 228 gold pieces
 30363 | Bazaar   | Bought a scroll of acquirement for 1248 gold pieces
 30463 | Vaults:1 | XOM: enchant monster (good)
 30511 | Vaults:1 | Found Unezuk Epu's Book Shop.
 30539 | Vaults:1 | XOM: polymorph ironheart preserver -> dire elephant
 30543 | Vaults:1 | XOM: scenery: 1 doors close
 30548 | Vaults:1 | XOM: enchant monster (good)
 30555 | Vaults:1 | XOM: confuse monster(s)
 30598 | Vaults:1 | XOM: give mutation
 30598 | Vaults:1 | Lost mutation: Your muscles are very strong. (Str +4)
                  | [Xom's mischief]
 30628 | Vaults:1 | Found Taseaten's Jewellery Emporium.
 30633 | Vaults:1 | Found Zeeliv's Book Shop.
 30636 | Vaults:1 | Bought the ring "Arhaowar" {Int+4 Dex+5 Slay+3 SInv} for
                  | 1174 gold pieces
 30648 | Vaults:1 | XOM: 1-stop teleportation journey
 30824 | Vaults:1 | XOM: give mutation
 30824 | Vaults:1 | Lost mutation: Your flesh is almost immune to the effects
                  | of cold. (rC+++) [Xom's mischief]
 30853 | Vaults:1 | Reached XP level 21. HP: 135/159 MP: 23/23
 31030 | Vaults:1 | XOM: enchant monster (bad)
 31249 | Vaults:1 | Noticed Aizul
 31255 | Vaults:1 | Killed Aizul
 31477 | Vaults:2 | Found a runed translucent door.
 31477 | Vaults:2 | Noticed Rov Woulue's ghost (adept MfTm)
 31478 | Vaults:2 | Found the +0 mask of the Dragon {MR+ Slay+3 SInv}
 31503 | Vaults:2 | XOM: noise
 31522 | Vaults:2 | XOM: noise
 31533 | Vaults:2 | XOM: swap monsters
 31555 | Vaults:2 | Killed Rov Woulue's ghost
 31565 | Vaults:2 | Identified the +3 mace "Operghal" {flame, Int+6} (You found
                  | it on level 2 of the Vaults)
 31727 | Vaults:2 | XOM: polymorph entropy weaver -> death yak
 31733 | Vaults:2 | XOM: noise
 32083 | Vaults:2 | XOM: draining
 32161 | Vaults:2 | XOM: harmless Fire miscast
 32199 | Vaults:2 | XOM: harmless Conj miscast
 32258 | Vaults:2 | XOM: mild Conj miscast
 32262 | Vaults:2 | XOM: harmless Air miscast
 32276 | Vaults:2 | XOM: give mutations
 32276 | Vaults:2 | Gained mutation: You are very robust. (+20% HP) [Xom's
                  | grace]
 32276 | Vaults:2 | Gained mutation: You are somewhat resistant to both further
                  | mutation and mutation removal. [Xom's grace]
 32276 | Vaults:2 | Gained mutation: You have a considerably increased
                  | reservoir of magic. (+20% MP) [Xom's grace]
 32417 | Vaults:3 | Found a staircase to the Crypt.
 32419 | Vaults:3 | Found Zezetuff's Assorted Antiques.
 32428 | Vaults:3 | Found Haggirap's Book Boutique.
 32438 | Vaults:3 | XOM: enchant monster (bad)
 32451 | Vaults:3 | XOM: polymorph ice dragon -> shapeshifter
 32468 | Vaults:3 | XOM: confuse monster(s)
 32473 | Vaults:3 | XOM: harmless Ice miscast
 32481 | Vaults:3 | XOM: noise
 32482 | Vaults:3 | XOM: summons 4 friendly demons
 32687 | Vaults:3 | XOM: blink monster(s)
 32721 | Vaults:3 | XOM: summons 1 hostile demon
 32885 | Vaults:3 | XOM: god gift: polished cloak {god gift}
 32897 | Vaults:3 | Got a polished cloak {god gift}
 32903 | Vaults:3 | Identified the +0 cloak of Ynyamov {rN+ Regen+ Str-3} (Xom
                  | gifted it to you on level 3 of the Vaults)
 32979 | Vaults:3 | Reached skill level 10 in Hexes
 33057 | Vaults:3 | XOM: mild Conj miscast
 33260 | Vaults:3 | XOM: potion effect (berserk rage)
 33262 | Vaults:3 | XOM: summons friendly iron imp
 33268 | Vaults:3 | XOM: blink monster(s)
 33271 | Vaults:3 | Reached XP level 22. HP: 183/183 MP: 26/26
 33366 | Vaults:3 | XOM: 1-stop teleportation journey
 33523 | Vaults:3 | XOM is BORED!
 33523 | Vaults:3 | XOM: give mutation
 33523 | Vaults:3 | Lost mutation: You have a considerably increased reservoir
                  | of magic. (+20% MP) [Xom's mischief]
 33540 | Vaults:3 | Found Poubi's Assorted Antiques.
 33548 | Vaults:3 | Bought a brightly glowing buckler for 256 gold pieces
 33548 | Vaults:3 | Identified the +0 buckler of Integrity {Int+3} (You bought
                  | it in a shop on level 3 of the Vaults)
 33561 | Vaults:3 | XOM: 5-stop teleportation journey
 33608 | Vaults:3 | XOM: give mutations
 33608 | Vaults:3 | Lost mutation: Your spells are a little harder to cast, but
                  | a little more powerful. [Xom's mischief]
 33608 | Vaults:3 | Lost mutation: You can translocate small distances at will.
                  | [Xom's mischief]
 33608 | Vaults:3 | Lost mutation: You are partially covered in iridescent
                  | scales. (AC +2) [Xom's mischief]
 33726 | Vaults:3 | Bought a polished large shield for 256 gold pieces
 33727 | Vaults:3 | Identified the +1 large shield of Awe {Regen+ rCorr Str-4
                  | Dex+7} (You bought it in a shop on level 3 of the Vaults)
 33737 | Vaults:4 | XOM: polymorph white very ugly thing -> brown very ugly
                  | thing
 33738 | Vaults:4 | XOM: give mutations
 33738 | Vaults:4 | Lost mutation: You are somewhat resistant to both further
                  | mutation and mutation removal. [Xom's mischief]
 33738 | Vaults:4 | Lost mutation: You are extremely resistant to the effects
                  | of hostile enchantments. (MR+++) [Xom's mischief]
 33738 | Vaults:4 | Lost mutation: You have a pair of horns on your head.
                  | [Xom's mischief]
 33738 | Vaults:4 | Lost mutation: Your muscles are strong. (Str +2) [Xom's
                  | mischief]
 33741 | Vaults:4 | XOM: polymorph brown very ugly thing -> white very ugly
                  | thing
 33745 | Vaults:4 | XOM: torment (151/183 hp)
 33753 | Vaults:4 | Upgraded the game from 0.24-a0-416-g56ce5178b7 to
                  | 0.24-a0-417-g1cce26a4d2
 33783 | Vaults:4 | XOM: butterfly on damage
 33787 | Vaults:4 | XOM: divine lightning
 34057 | Vaults:4 | XOM: blink monster(s)
 34062 | Vaults:4 | XOM: smoke on damage
 34071 | Vaults:4 | XOM: chaos upgrade
 34086 | Vaults:4 | XOM: polymorph deep elf knight -> spark wasp
 34094 | Vaults:4 | XOM: repel stairs
 34105 | Vaults:4 | XOM: polymorph orc knight -> shock serpent
 34108 | Vaults:4 | Reached skill level 5 in Shields
 34154 | Vaults:4 | Cast into level 5 of the Abyss (Xom)
 34154 | Abyss:5  | Entered Level 5 of the Abyss
 34154 | Abyss:5  | Entered Level 5 of the Abyss
 34154 | Abyss:5  | Entered Level 5 of the Abyss
 34168 | Vaults:4 | Escaped the Abyss
 34181 | Vaults:4 | Learned a level 2 spell: Ensorcelled Hibernation
 34219 | Vaults:4 | XOM: chaos upgrade
 34331 | Vaults:4 | Found Zydeoc's Antique Armour Shop.
 34348 | Vaults:4 | Noticed Jory
 34368 | Vaults:4 | XOM: god gift: 20 arrows
 34382 | Vaults:4 | XOM: divination: detect creatures
 34391 | Vaults:4 | HP: 6/183 [Jory/crystal spear (70)]
 34393 | Vaults:4 | XOM: destruction
 34395 | Vaults:4 | Killed Jory
 34610 | Vaults:4 | XOM: harmless Conj miscast
 34773 | Vaults:4 | Paralysed by a great orb of eyes for 7 turns
 34778 | Vaults:4 | XOM: divine lightning
 34780 | Vaults:4 | XOM: medium Erth miscast
 34794 | Vaults:4 | Identified the +4 demon blade of Beogh's Whim {drain, -Tele
                  | rElec rPois Stlth+} (You found it on level 4 of the Vaults)
 35104 | Vaults:4 | XOM: harmless Summ miscast
 35166 | Vaults:4 | XOM: summons 7 hostile demons
 35245 | Vaults:5 | Entered Level 5 of the Vaults
 35287 | Vaults:4 | XOM: mild Fire miscast
 35462 | Vaults:5 | XOM: divination: magic mapping
 35462 | Vaults:5 | XOM: smoke on damage
 35466 | Vaults:4 | XOM: blink monster(s)
 35468 | Vaults:4 | XOM: medium Pois miscast
 35473 | Vaults:4 | XOM: medium Hex miscast
 35474 | Vaults:4 | XOM: give mutations
 35474 | Vaults:4 | Lost mutation: Your body often deteriorates upon taking
                  | damage. [Xom's mischief]
 35474 | Vaults:4 | Lost mutation: You have a pair of small horns on your head.
                  | [Xom's mischief]
 35474 | Vaults:4 | Lost mutation: You have sharp toenails. [Xom's mischief]
 35476 | Vaults:4 | Reached XP level 23. HP: 166/192 MP: 25/25
 35508 | Vaults:5 | XOM: swap monsters
 35515 | Vaults:5 | XOM: swap monsters
 35521 | Vaults:5 | XOM: enchant monster (good)
 35527 | Vaults:5 | XOM: enchant monster (bad)
 35661 | Vaults:5 | XOM: enchant monster (good)
 35674 | Vaults:5 | XOM: confusion
 35682 | Vaults:5 | XOM: enchant monster (good)
 35700 | Vaults:4 | XOM: potion effect (heal wounds)
 35716 | Vaults:4 | XOM: enchant monster (bad)
 35721 | Vaults:4 | XOM: potion effect (agility)
 35818 | Vaults:4 | XOM: cast spell 'Summon Small Mammal'
 35879 | Vaults:5 | XOM: potion effect (agility)
 36083 | Vaults:5 | XOM: potion effect (berserk rage)
 36088 | Vaults:5 | XOM: potion effect (curing)
 36118 | Vaults:4 | XOM: cast spell 'Call Canine Familiar'
 36124 | Vaults:4 | XOM: noise
 36288 | Vaults:5 | XOM: potion effect (haste)
 36311 | Vaults:5 | XOM: harmless Air miscast
 36341 | Vaults:5 | Identified the +7 morningstar of the Reaper {crush, Int+5}
 36480 | Vaults:5 | XOM: potion effect (invisibility)
 36482 | Vaults:5 | XOM: polymorph storm dragon -> azure jelly
 36615 | Vaults:5 | Noticed a golden dragon
 36618 | Vaults:5 | XOM: cast spell 'Necromutation'
 36637 | Vaults:5 | XOM: divine lightning
 36638 | Vaults:5 | XOM: polymorph storm dragon -> death yak
 36643 | Vaults:5 | Killed a golden dragon
 36716 | Vaults:5 | XOM: give mutation
 36716 | Vaults:5 | Gained mutation: You are mostly covered in thin metallic
                  | scales. (AC +3) [Xom's grace]
 36784 | Vaults:5 | Reached XP level 24. HP: 191/201 MP: 25/25
 36844 | Vaults:5 | XOM: 1-stop teleportation journey
 36869 | Vaults:5 | XOM: mild Fire miscast
 36914 | Vaults:5 | Got a silver rune of Zot
 36937 | Vaults:5 | Identified the Almanac of Shape Shifting and Envenoming
 36973 | Vaults:5 | XOM: harmless Chrm miscast
 37095 | Vaults:5 | Identified the +4 fustibalus "Kyze" {velocity, Str-5 Int+6}
                  | (You found it on level 5 of the Vaults)
 37125 | Vaults:5 | Identified Zuojawol's Catalogue of the Snowflakes
 37130 | Vaults:5 | Identified the ring "Isuosa Poips" {Int+5 Slay+4} (You
                  | found it on level 5 of the Vaults)
 37161 | Vaults:5 | Identified the cursed +0 scale mail "Nudacuv" {+Inv rN+
                  | Int+2} (You found it on level 5 of the Vaults)
 37163 | Vaults:5 | Identified the +6 longbow "Gagoph" {freeze, *Contam Str+5
                  | Dex+2 SInv} (You found it on level 5 of the Vaults)
 37248 | Vaults:5 | XOM: potion effect (agility)
 37252 | Vaults:5 | Reached skill level 10 in Shields
 37267 | Vaults:5 | XOM: summons friendly ufetubus
 37438 | Vaults:5 | XOM: scenery: 2 doors open, 1 doors close
 37479 | Vaults:5 | XOM: give mutations
 37479 | Vaults:5 | Gained mutation: You have a considerably increased
                  | reservoir of magic. (+20% MP) [Xom's grace]
 37479 | Vaults:5 | Gained mutation: You have sharp toenails. [Xom's grace]
 37583 | Vaults:5 | XOM: divination: detect items
 37641 | Vaults:5 | Found Tiuntex's Gadget Emporium.
 37813 | Vaults:5 | XOM: summons 3 friendly demons
 37960 | Vaults:3 | XOM: medium Summ miscast
 38005 | Crypt:1  | Entered Level 1 of the Crypt
 38079 | Crypt:1  | Noticed Khufu
 38080 | Crypt:1  | Noticed a greater mummy
 38586 | Crypt:2  | XOM: cast spell 'Summon Horrible Things'
 38669 | Crypt:2  | XOM: silly message
 38774 | Crypt:2  | Identified the cursed +0 robe "Geciapp" {rElec MR+ MP+9
                  | Str-3}
 38922 | Crypt:2  | XOM is BORED!
 38922 | Crypt:2  | XOM: medium Erth miscast
 38927 | Crypt:3  | Entered Level 3 of the Crypt
 38951 | Crypt:3  | XOM: confuse monster(s)
 39057 | Crypt:3  | XOM: blink monster(s)
 39059 | Crypt:3  | XOM: enchant monster (bad)
 39137 | Crypt:3  | Found a basalt altar of Yredelemnul.
 39174 | Crypt:3  | Noticed an ancient lich
 39188 | Crypt:3  | XOM: fake destruction
 39190 | Crypt:3  | Killed an ancient lich
 39192 | Crypt:3  | Found the cursed +13 scythe of Curses {drain, *Curse}
 39381 | Crypt:3  | XOM: confusion (+ monsters)
 39393 | Crypt:3  | XOM: summons friendly shadow imp
 39400 | Crypt:3  | Reached XP level 25. HP: 163/210 MP: 27/27
 39421 | Crypt:3  | XOM: confuse monster(s)
 39424 | Crypt:3  | Found a staircase to the Tomb.
 39462 | Crypt:3  | XOM: summons friendly iron imp
 39465 | Crypt:3  | XOM: enchant monster (good)
 39547 | Crypt:3  | XOM: confuse monster(s)
 39566 | Crypt:3  | XOM: fake destruction
 39746 | Crypt:3  | XOM: summons friendly ufetubus
 39916 | Crypt:3  | XOM: potion effect (might)
 39932 | Crypt:3  | XOM: divination: detect items
 40088 | Crypt:1  | XOM: harmless Summ miscast
 40106 | Crypt:1  | XOM: enchant monster (good)
 40107 | Crypt:1  | XOM: noise
 40114 | Crypt:1  | Noticed a greater mummy
 40116 | Crypt:1  | XOM: cast spell 'Death Channel'
 40117 | Crypt:1  | Noticed a greater mummy
 40120 | Crypt:1  | XOM: blink monster(s)
 40125 | Crypt:2  | XOM: potion effect (might)
 40128 | Crypt:2  | XOM: harmless Conj miscast
 40130 | Crypt:2  | Killed a greater mummy
 40165 | Crypt:1  | XOM: cast spell 'Cause Fear'
 40176 | Crypt:2  | Killed a greater mummy
 40183 | Crypt:2  | Killed a greater mummy
 40281 | Crypt:1  | XOM: noise
 40290 | Crypt:1  | Killed Khufu
 40307 | Crypt:1  | XOM: noise
 40401 | Crypt:1  | XOM: harmless Hex miscast
 40487 | Crypt:1  | XOM: silly message
 40634 | Crypt:1  | XOM: scenery: create altars
 41102 | Slime:1  | Entered Level 1 of the Pits of Slime
 41126 | Slime:1  | XOM: cleaving
 41194 | Slime:1  | XOM: cloud trail
 41196 | Slime:1  | XOM: god gift: runed flail {god gift}
 41235 | Slime:2  | Noticed Dissolution
 41257 | Slime:2  | XOM: confusion (+ monsters)
 41268 | Slime:2  | Killed Dissolution
 41451 | Slime:1  | XOM: enchant monster (good)
 41580 | Slime:1  | XOM: noise
 41804 | Slime:1  | XOM: mild Fire miscast
 41885 | Slime:2  | XOM: enchant monster (bad)
 41900 | Slime:2  | XOM: mild Ice miscast
 41918 | Slime:1  | XOM: stat loss: -1 Int (29/30)
 42083 | Slime:2  | XOM: god gift: droning book {god gift}
 42083 | Slime:2  | Identified Xom's Compendium of the Kangaroo (Xom gifted it
                  | to you on level 2 of the Pits of Slime)
 42086 | Slime:2  | XOM: cast spell 'Summon Hydra'
 42127 | Slime:2  | XOM: fog
 42184 | Slime:2  | XOM: cast spell 'Necromutation'
 42290 | Slime:2  | XOM: scenery: create altars
 42356 | Slime:3  | XOM: summons friendly crimson imp
 42361 | Slime:3  | Reached XP level 26. HP: 202/218 MP: 27/27
 42364 | Slime:3  | XOM: 2-stop teleportation journey
 42382 | Slime:3  | Found a viscous altar of Jiyva.
 42382 | Slime:3  | XOM: 2-stop teleportation journey
 42801 | Slime:4  | XOM: mild Necr miscast
 42807 | Slime:4  | XOM: enchant monster (good)
 42808 | Slime:4  | XOM: scenery: create altars
 42811 | Slime:4  | XOM: 2-stop teleportation journey
 42829 | Slime:4  | Lost mutation: You have a considerably increased reservoir
                  | of magic. (+20% MP) [a shining eye]
 42844 | Slime:4  | XOM: divination: detect creatures
 42856 | Slime:4  | XOM: 2-stop teleportation journey
 42910 | Slime:4  | XOM: give mutations
 42910 | Slime:4  | Gained mutation: Your spells are a little harder to cast,
                  | but a little more powerful. [Xom's grace]
 42910 | Slime:4  | Gained mutation: You are agile. (Dex +2) [Xom's grace]
 42910 | Slime:4  | Gained mutation: You possess an exceptional clarity of
                  | mind. [Xom's grace]
 42910 | Slime:4  | Gained mutation: You expend magic power (3 MP) to
                  | strengthen your wands. [Xom's grace]
 43099 | Slime:5  | Entered Level 5 of the Pits of Slime
 43116 | Slime:5  | XOM: repel stairs
 43127 | Slime:5  | XOM: medium Chrm miscast
 43201 | Slime:4  | XOM: medium Summ miscast
 43268 | Slime:4  | XOM: stat loss: -1 Dex (23/24)
 43279 | Slime:5  | XOM: give mutations
 43279 | Slime:5  | Lost mutation: You are very robust. (+20% HP) [Xom's
                  | mischief]
 43279 | Slime:5  | Lost mutation: You possess an exceptional clarity of mind.
                  | [Xom's mischief]
 43279 | Slime:5  | Lost mutation: Your spells are a little harder to cast, but
                  | a little more powerful. [Xom's mischief]
 43279 | Slime:5  | Lost mutation: You are agile. (Dex +2) [Xom's mischief]
 43298 | Slime:5  | Noticed the Royal Jelly
 43308 | Slime:4  | XOM: potion effect (brilliance)
 43316 | Slime:4  | XOM: potion effect (agility)
 43439 | Slime:5  | XOM: potion effect (might)
 43444 | Slime:5  | XOM: scenery: create altars
 43448 | Slime:5  | XOM: repel stairs
 43458 | Slime:5  | XOM: blink monster(s)
 43462 | Slime:5  | XOM: enchant monster (good)
 43475 | Slime:5  | XOM: fake destruction
 43484 | Slime:5  | XOM: fog
 43496 | Slime:5  | XOM: chaos cloud
 43738 | Slime:3  | XOM: enchant monster (bad)
 43746 | Slime:3  | XOM: confuse monster(s)
 43867 | Slime:3  | XOM: summons 13 hostile demons
 44171 | Slime:3  | XOM: medium Pois miscast
 44441 | Slime:5  | Found a viscous altar of Jiyva.
 44475 | Slime:5  | XOM: confuse monster(s)
 44483 | Slime:5  | XOM: scenery: create altars
 44484 | Slime:5  | XOM: enchant monster (good)
 44488 | Slime:5  | XOM: mild Chrm miscast
 44494 | Slime:5  | XOM: divination: detect creatures
 44496 | Slime:5  | XOM: divination: detect items
 44511 | Slime:5  | XOM: cast spell 'Summon Butterflies'
 44516 | Slime:5  | XOM: swap monsters
 44600 | Slime:5  | XOM: medium Necr miscast
 44675 | Slime:5  | XOM: polymorph azure jelly -> shapeshifter
 44679 | Slime:5  | XOM: god gift: scroll of amnesia
 44682 | Slime:5  | XOM: give mutations
 44682 | Slime:5  | Lost mutation: You are highly resistant to hostile
                  | enchantments. (MR++) [Xom's mischief]
 44682 | Slime:5  | Lost mutation: You have a somewhat thin skeletal structure.
                  | (Dex +2, Stealth) [Xom's mischief]
 44682 | Slime:5  | Lost mutation: Your mind is very acute. (Int +4) [Xom's
                  | mischief]
 44753 | Slime:5  | XOM: harmless Hex miscast
 44916 | Slime:5  | XOM: noise
 44986 | Slime:5  | XOM: give mutation
 44986 | Slime:5  | Lost mutation: Your mind is acute. (Int +2) [Xom's
                  | mischief]
 45059 | Slime:5  | XOM: cast spell 'Summon Hydra'
 45063 | Slime:5  | HP: 10/201 [acid (8)]
 45063 | Slime:5  | XOM: polymorph four-headed hydra -> shapeshifter
 45063 | Slime:5  | HP: 2/201 [the Royal Jelly (8)]
 45063 | Slime:5  | Splashed by the Royal Jelly's acid

Levels and vault maps discovered:
D:1:      dpeg_arrival_refuge, layout_loops_cross, st_stairs_7
D:2:      minmay_door_path, layout_basic
D:3:      layout_rooms, grunt_temple_overflow_diamond, elyvilon_altar_5,
          first_ration, bloody_makhleb
D:4:      layout_rooms, temple_hall
D:5:      layout_basic
D:6:      layout_basic, wad_floor_pattern_1, xom_teletrap_fun
D:7:      kennysheep_kobold_camp, layout_basic, fedhas_altar_fruit_tree,
          serial_shops, nicolae_shop_behind_doors, lightli_minifort
D:8:      layout_rooms, erik_lair_orcish_takeover
D:9:      layout_basic, orc_0_dummy, serial_shops, shop,
          hangedman_pestilent_swarm
D:10:     layout_loops_corners
D:11:     layout_rooms, gauntlet_entry_generic
D:12:     layout_rooms, serial_shops, shop, nicolae_blasting_shop,
          grunt_ministairs_6, evilmike_butchery
D:13:     layout_loops_corners, lightli_vaults_fourway_checkpoint,
          enter_bailey_2, gammafunk_ghost_split, uniq_snorg, uniq_jorgrun
D:14:     layout_cave_pools, ebering_ghost_gozag, minmay_door_square
Temple:   lightli_temple_of_artemis
Lair:1:   layout_cave_pods, lemuel_old_faithful, minmay_lair_oklob_chamber
Lair:2:   layout_loops_ring
Lair:3:   layout_cave_pods, dummy_spider_entry, disabler_island,
          lemuel_fruit_tree
Lair:4:   layout_layer_cave, minmay_swamp_entry_worms
Lair:5:   layout_regular_city, kennysheep_rathole, serial_bayou_shore_b,
          lemuel_fruit_fields
Lair:6:   minmay_lair_end_enchanted_forest, layout_loops_ring,
          nicolae_slime_entry_slimehenge, nicolae_volcano_entry_s_turn,
          small_statue_intersection, chequers_serial_rivers_micro_a,
          grunt_forest_small_clearings, serial_bayou_shore_b,
          grunt_megastairs_4, uniq_kirke
Swamp:1:  layout_falls_marsh, nicolae_swamp_trees_clearing, swamp_pool4,
          st_swamp_ruins_2, uniq_frances
Swamp:2:  layout_basic_swamp, hangedman_swamp_blocks
Swamp:3:  layout_basic_swamp, hangedman_swamp_lotus, swamp_pool4
Swamp:4:  swamp_old_school, layout_basic_swamp
Spider:1: layout_spider_delve
Spider:2: layout_spider_delve, worms_lemuel, hangedman_spider_tarantella_strand
Spider:3: layout_spider_delve, uniq_arachne, uniq_nikola
Spider:4: guppyfry_spider_rune
Slime:1:  layout_caves
Slime:2:  layout_caves, dissolution_awaits
Slime:3:  layout_caves, basic_altar
Slime:4:  layout_caves
Slime:5
Orc:1:    layout_caves
Orc:2:    st_orc_open, layout_diamond_mine, portal_ice_cave_entry_ice_beasts,
          lemuel_statue_altar
Elf:1:    eino_elf_arrival_altar, layout_loops_ring, hangedman_corner_corridor,
          minmay_shop_mayhem, einodemon_armed_red_devil_minivault
Elf:2:    layout_geoelf_grid, serial_shops, nicolae_shop_overgrown_old_shop,
          elves_outpost_lemuel, uniq_asterion
Elf:3:    minmay_elf_hall_quartered_circle, layout_rooms
Vaults:1: nicolae_vaults_little_squares_5, vaults_dpeg_encased_lava,
          nicolae_vaults_yaktaur_gun_rack, vaults_mumra_chevron_long,
          st_hourglassy, vaults_room_large_hall, ontoclasm_vaults_ring_square,
          vaults_room_stairs_pillars, v_misc_25, v_misc_3,
          ontoclasm_vaults_ring_square, vaults_room_pool, v_misc_12,
          nicolae_vaults_alarming, layout_vaults_maze, serial_shops,
          bzr_entry_lakeside, shop_fountains, shop, shop, uniq_aizul
Vaults:2: gammafunk_vaults_ghost_grave, v_misc_23,
          nicolae_vaults_diagonal_hallway_6, nicolae_vaults_little_squares_6,
          v_pattern_1, v_misc_27, hangedman_vaults_trim, v_misc_15,
          dpeg_vaults_monster_box, v_misc_27, layout_vaults_big_room
Vaults:3: v_alt_pattern_3, vaults_standard_mumra_lines, v_misc_5,
          ontoclasm_vaults_gateway, nicolae_vaults_specimen_jars,
          dpeg_vaults_monster_row, layout_vaults_omnigrid, dummy_crypt_entry,
          serial_shops, nicolae_shop_behind_doors, nicolae_shop_stone,
          nicolae_shop_statue_plus
Vaults:4: grunt_vaults_hallway_short, nicolae_vaults_inception_scallops,
          hangedman_vaults_corner_blocks, ontoclasm_vaults_spin,
          ontoclasm_vaults_twist, v_misc_29, ontoclasm_vaults_misaligned,
          ontoclasm_vaults_bender, v_misc_19, vaults_dpeg_cross,
          layout_vaults_omnicross, serial_shops, nicolae_shop_waterfront,
          uniq_jory
Vaults:5
Crypt:1:  layout_gridlike, uniq_khufu
Crypt:2:  layout_gridlike
Crypt:3:  church_of_pain_bobbens, layout_chaotic_city

Skill      XL: |  1  2  3  4  5  6  7  8  9 10 11 12 13 14 15 16 17 18 19 20 21 22 23 24 25 26 |
---------------+-------------------------------------------------------------------------------+-----
Dodging        | 1 2 3 5 7 8 9 10 11 12 13 14 15 16 17 18 | 18.8
Maces & Flails | 4 5 7 9 10 11 13 14 | 14.0
Armour         | 3 4 5 6 8 9 10 11 12 14 15 17 18 19 20 21 22 23 | 23.2
Fighting       | 4 5 6 7 8 9 10 12 14 15 17 18 19 20 21 22 23 | 23.3
Shields        | 1 2 3 4 7 9 11 13 | 13.7
Hexes          | 2 5 8 10 11 12 13 14 | 14.6

Action                   |  1- 3 |  4- 6 |  7- 9 | 10-12 | 13-15 | 16-18 | 19-21 | 22-24 | 25-27 || total
-------------------------+-------+-------+-------+-------+-------+-------+-------+-------+-------++-------
Melee: Mace              |    94 |   151 |   347 |   512 |  1055 |   750 |       |       |       ||  2909
       Kick              |       |       |       |   135 |    68 |       |   291 |   154 |       ||   648
       Shillelagh        |       |       |       |       |       |   569 |  1384 |  1243 |   754 ||  3950
       Headbutt          |       |       |       |       |       |   181 |   451 |   101 |       ||   733
       Demon whip        |       |       |       |       |       |    35 |       |       |   180 ||   215
 Abil: Fly               |       |       |       |       |     1 |       |       |       |       ||     1
Evoke: Wand              |       |       |       |       |       |       |       |     1 |     1 ||     2
       Box of beasts     |       |       |       |       |       |       |       |     1 |       ||     1
  Use: Scroll            |       |       |     2 |    17 |    14 |    13 |     9 |    11 |    10 ||    76
       Potion            |       |       |     2 |     6 |     2 |     4 |     1 |     8 |     7 ||    30
 Stab: Petrified         |     1 |       |       |       |    13 |     1 |       |       |     1 ||    16
       Confused          |       |       |     1 |     5 |       |     2 |    10 |     7 |     8 ||    33
       Paralysed         |       |       |     1 |       |       |       |       |       |     1 ||     2
       Invisible         |       |       |     2 |       |    11 |    31 |       |     3 |       ||    47
       Distracted        |       |       |       |       |     2 |     2 |       |       |       ||     4
       Sleeping          |       |       |       |       |     9 |     1 |       |       |       ||    10
       Petrifying        |       |       |       |       |       |     1 |       |       |     2 ||     3
  Eat: Chunk             |       |     4 |    13 |    22 |    30 |    20 |    32 |    13 |       ||   134
       Ration            |       |       |       |     1 |       |       |       |       |     5 ||     6
Armor: Leather armour    |    69 |    63 |   140 |    73 |       |       |       |       |       ||   345
       Ring mail         |       |       |       |    63 |   302 |   403 |       |       |       ||   768
       Scale mail        |       |       |       |       |       |    47 |   836 |   670 |   468 ||  2021
Dodge: Dodged            |    64 |    86 |   207 |   344 |   697 |  1164 |  1386 |  1287 |   856 ||  6091
Block: Buckler           |     4 |    19 |    59 |   132 |   323 |   429 |   545 |   467 |   410 ||  2388

Table legend:
 A = Non-vault XP
 B = Vault XP
 C = Vault XP percentage of total XP
 D = Non-vault monster count
 E = Vault monster count
 F = Vault count percentage of total count
                 A         B        C        D         E       F
            +---------+---------+-------+---------+---------+-------
      Total |  618980 |  533567 |  46.3 |    1472 |     681 |  31.6
            +---------+---------+-------+---------+---------+-------
        D:1 |      25 |       0 |   0.0 |       7 |       0 |   0.0
        D:2 |      59 |       0 |   0.0 |      19 |       0 |   0.0
        D:3 |     152 |       0 |   0.0 |      23 |       0 |   0.0
        D:4 |     613 |       0 |   0.0 |      36 |       0 |   0.0
        D:5 |     778 |       0 |   0.0 |      19 |       0 |   0.0
        D:6 |     598 |       0 |   0.0 |      17 |       0 |   0.0
        D:7 |     294 |     301 |  50.6 |      14 |      24 |  63.2
        D:8 |    2381 |     430 |  15.3 |      24 |       6 |  20.0
        D:9 |    1161 |     340 |  22.7 |      16 |       4 |  20.0
       D:10 |    1216 |       0 |   0.0 |      24 |       0 |   0.0
       D:11 |    7381 |       0 |   0.0 |      50 |       0 |   0.0
       D:12 |   11217 |     662 |   5.6 |      50 |       2 |   3.8
       D:13 |   12843 |    9869 |  43.5 |      40 |      15 |  27.3
       D:14 |    6469 |       0 |   0.0 |      14 |       0 |   0.0
     Lair:1 |    1718 |     565 |  24.7 |      12 |       1 |   7.7
     Lair:2 |    6806 |       0 |   0.0 |      22 |       0 |   0.0
     Lair:3 |   10885 |     348 |   3.1 |      39 |       4 |   9.3
     Lair:4 |    4136 |     861 |  17.2 |      18 |       3 |  14.3
     Lair:5 |    9287 |     197 |   2.1 |      29 |      13 |  31.0
     Lair:6 |    6405 |   12378 |  65.9 |      21 |      59 |  73.8
    Swamp:1 |   10015 |    5079 |  33.6 |      25 |       8 |  24.2
    Swamp:2 |   17511 |       0 |   0.0 |      40 |       0 |   0.0
    Swamp:3 |    8842 |       0 |   0.0 |      27 |       0 |   0.0
    Swamp:4 |   19978 |   21361 |  51.7 |      50 |      27 |  35.1
   Spider:1 |   13403 |       0 |   0.0 |      44 |       0 |   0.0
   Spider:2 |    3204 |    5519 |  63.3 |       8 |      19 |  70.4
   Spider:3 |   10779 |    7474 |  40.9 |      30 |       2 |   6.2
   Spider:4 |   13616 |   26333 |  65.9 |      38 |      39 |  50.6
    Slime:1 |   19010 |       0 |   0.0 |      38 |       0 |   0.0
    Slime:2 |   12769 |   14815 |  53.7 |      25 |       1 |   3.8
    Slime:3 |   16538 |       0 |   0.0 |      27 |       0 |   0.0
    Slime:4 |   24176 |    2744 |  10.2 |      30 |       3 |   9.1
    Slime:5 |   17701 |   13186 |  42.7 |      20 |       9 |  31.0
      Orc:1 |    1663 |       0 |   0.0 |      12 |       0 |   0.0
      Orc:2 |    3631 |   16402 |  81.9 |      36 |      44 |  55.0
      Elf:1 |   15537 |    4587 |  22.8 |      28 |      11 |  28.2
      Elf:2 |   26275 |   29853 |  53.2 |      45 |      43 |  48.9
      Elf:3 |   21889 |   33389 |  60.4 |      36 |      26 |  41.9
   Vaults:1 |   34533 |   10998 |  24.2 |      58 |      14 |  19.4
   Vaults:2 |   22535 |   19439 |  46.3 |      50 |      25 |  33.3
   Vaults:3 |   35876 |   16651 |  31.7 |      50 |      27 |  35.1
   Vaults:4 |   64347 |   44101 |  40.7 |      86 |      34 |  28.3
   Vaults:5 |   30019 |  128050 |  81.0 |      56 |      86 |  60.6
    Crypt:1 |   22003 |    8867 |  28.7 |      36 |       1 |   2.7
    Crypt:2 |   30076 |   18542 |  38.1 |      42 |       3 |   6.7
    Crypt:3 |   38630 |   67016 |  63.4 |      41 |      70 |  63.1
     Bailey |       0 |    1839 | 100.0 |       0 |      26 | 100.0
      IceCv |       0 |    2989 | 100.0 |       0 |      11 | 100.0
    Volcano |       0 |    4542 | 100.0 |       0 |      13 | 100.0
   Gauntlet |       0 |    3840 | 100.0 |       0 |       8 | 100.0
            +---------+---------+-------+---------+---------+-------
